Workbook
Name CBB: APUS!$G$13
Name CBB: 'APUS (2)'!$G$13
Name CDD: APUS!$G$23
Name CDD: 'APUS (2)'!$G$23
Name CDD: 'BIENESTAR GYM Y SALUD'!#REF!
Name CDD: 'BIENESTAR GYM Y SALUD alt b'!#REF!

Sheet RESUMEN
C2: PROYECCIÓN DE INVERSION
C4: DESCRIPCION DE AREA: | F4: BIENESTAR INSTITUCIONAL IES CINOC | H4: %
C5: SUB PROYECTO.1 ALTERNATIVA A. AREA DEPORTIVA SALUD FISICA GYM BIENESTAR UNIVERSITARIO IES CINOC | F5: =+'BIENESTAR GYM Y SALUD'!I19 -> 34648717 | H5: =+F5/$F$7 -> 0.79264105
C6: SUB PROYECTO.2 AREA SALUD PROGRAMA ENFERMERIA Y PISCOLOGIA Y BIENESTAR UNIVERSITARIO IES CINOC | F6: =+'BIENESTAR GYM Y SALUD'!I34 -> 9064281.5 | H6: =+F6/$F$7 -> 0.20735895
C7: VALOR DIRECTO DEL PROYECTO | F7: =+F5+F6 -> 43712998 | H7: =+H5+H6 -> 1
C8: =+'JUSTIFICACIO AIU%'!J34 -> 0.1962968 | D8: ADMINISTRACION | F8: =+$F$7*C8 -> 8580721.7
C9: 0.03 | D9: UTILIDAD | F9: =+$F$7*C9 -> 1311389.9
C10: 0.02 | D10: IMPREVISTOS | F10: =+$F$7*C10 -> 874259.97
C11: 0.19 | D11: IVA SOBRE UTILIDAD | F11: =+C11*F9 -> 249164.09
C12: =+C10+C9+C8 -> 0.2462968 | D12: TOTAL AIU% | F12: =+F10+F9+F8+F11 -> 11015536
C13: SUMATORIA VALOR SUBTOTAL | F13: =+F12+F7 -> 54728534
C14: RETENCIONES | F14: =+F13*2% -> 1094570.7
C15: COSTO TOTAL OBRA DIRECTO + INDIRECTA (INCLUYE AIU%) | F15: =+F14+F13 -> 55823105
F16: 32480000
F17: =+F15-F16 -> 23343105
C20: DESCRIPCION DE AREA: | F20: BIENESTAR INSTITUCIONAL IES CINOC | H20: %
C21: SUB PROYECTO.1 ALTERNATIVA B AREA DEPORTIVA SALUD FISICA GYM BIENESTAR INSTITUCIONAL IES CINOC | F21: =+'BIENESTAR GYM Y SALUD alt b'!I17 -> 32275277 | H21: =+F21/$F$23 -> 0.79871044
C22: SUB PROYECTO.2 AREA SALUD PROGRAMA ENFERMERIA Y PISCOLOGIA Y BIENESTAR UNIVERSITARIO IES CINOC | F22: =+'BIENESTAR GYM Y SALUD alt b'!I29 -> 8133956.7 | H22: =+F22/$F$23 -> 0.20128956
C23: VALOR DIRECTO DEL PROYECTO | F23: =+F21+F22 -> 40409234 | H23: =+H21+H22 -> 1
C24: =+'JUSTIFICACIO AIU% (2)'!J35 -> 0.16812765 | D24: ADMINISTRACION | F24: =+$F$23*C24 -> 6793909.7
C25: 0.03 | D25: UTILIDAD | F25: =+$F$23*C25 -> 1212277
C26: 0.02 | D26: IMPREVISTOS | F26: =+$F$23*C26 -> 808184.68
C27: 0.19 | D27: IVA SOBRE UTILIDAD | F27: =+C27*F25 -> 230332.63
C28: =+C26+C25+C24 -> 0.21812765 | D28: TOTAL AIU% | F28: =+F26+F25+F24+F27 -> 9044704
C29: SUMATORIA VALOR SUBTOTAL | F29: =+F28+F23 -> 49453938
C30: RETENCIONES | F30: =+F29*2% -> 989078.76
C31: COSTO TOTAL OBRA DIRECTO + INDIRECTA (INCLUYE AIU%) | F31: =+F30+F29 -> 50443017
C32: DIFERENCIA DE MINIMA CUANTIA | F32: 32480000
F33: =+F31-F32 -> 17963017

Sheet JUSTIFICACIO AIU%
D4: EVALUACION FINANCIERA Y TECNICA A TODO COSTO PARA OBRAS DE ADECUACIONES, OBRAS NUEVAS Y OBRAS COMPLEMENTARIAS DE INFRAESTRUCTURA PARA LOS PROYECTOS ACEDEMICOS DE ORDEN AGROPECUARIO EN LA CENTRO DE TRANSFORMACION TECNOLOGICO LA GRANJA CTT DEL IES CINOC PARA EL AÑO 2022
D5: JUSTIFICACION AIU (ADMINITRACION, UTILIDAD E IMPREVISTOS)
D6: 1. COSTOS DE PROFESIONAL AREA TECNICA
D7: ÍTEM | E7: EXPERIENCIA REQUERIDA | F7: CANTIDAD | G7: DEDICACION (%) | H7: UNIDAD DE MEDIDA | I7: CANTIDAD | J7: VALOR UNITARIO | K7: FACTOR PRESTACIONAL | L7: VALOR TOTAL | M7: DISCRIMINACION SALARIO | O7: SALUD | P7: REISGO | Q7: PENSION | R7: TOTAL
D8: Mano de Obra Calificada | M8: BASE | N8: BASE REAL | O8: 0.125 | P8: 0.0435 | Q8: 0.16 | R8: =+Q8+P8+O8 -> 0.3285
D9: Ingeneiro civil | E9: Profesional universitariocon experiencia mayor a 6 meses | F9: 1 | G9: 0.5 | H9: Mes | I9: 1.5 | J9: 2829388 | K9: 1 | L9: =+(J9*I9*G9*F9)*K9 -> 2122041 | M9: =+L9*40% -> 848816.4 | N9: 1000000 | O9: =+O8*$N$9 -> 125000 | P9: =+P8*$N$9 -> 43500 | Q9: =+Q8*$N$9 -> 160000 | R9: =+O9+P9+Q9 -> 328500
D10: Maestro de obra civil y/o tecnologo en obra civil | E10: Tecnólogo o tecnico con experiencia de 3 años de educación superior aprobados | F10: 1 | G10: 1 | H10: Mes | I10: 1.5 | J10: 1916353 | L10: =+(J10*I10*G10*F10)*K9 -> 2874529.5 | M10: =+L10*40% -> 1149811.8 | N10: =+N9 -> 1000000 | O10: =+O8*$N$10 -> 125000 | P10: =+P8*$N$10 -> 43500 | Q10: =+Q8*$N$10 -> 160000 | R10: =+O10+P10+Q10 -> 328500
D11: Pagos responsabilidad salud, riesgo y pension | E11: pago de salud, riesgo y pension en funcion de 40% base de cotizacion del valor total de personal | F11: 1 | G11: VARIABLE | H11: GLB | I11: 1 | J11: =+R10 -> 328500 | K11: =+R12 -> 0.13149019 | L11: =+R11 -> 657000 | M11: SUMATORIA TOTAL DE PAGO SLUD | R11: =+R10+R9 -> 657000
K12: =+L9+L10+L11 -> 5653570.5 | M12: FACTOR VARIABLE DE PAGO SALUD | R12: =+R11/(L9+L10) -> 0.13149019
D14: 2. COSTOS PAPELIA Y OTROS (estimados para el desarrollo de la actividad)
D15: DESCRIPCIÓN COSTOS INDIRECTOS | H15: UNIDAD | I15: CANTIDAD | J15: MESES | K15: COSTO PARCIAL | L15: VALOR TOTAL
D16: Papelería, Copias, plotear de planos , preparación y entraga de los inforemes tecnicos, cuentas de cobro, preparacion de bitacoras entre otros profesionales tanto fisicos como digitales | H16: Global | I16: 1 | J16: =+I9 -> 1.5 | K16: 200000 | L16: =+K16*J16*I16 -> 300000
D17: SUBTOTAL COSTOS INDIRECTOS | K17: =+L16 -> 300000
D19: 3. DOCUMENTOS DE LEGALIZACION DEL CONTRATO DE OBRA Y RETENCIONES COMO COSTOS ADMINITRATIVOS
D20: DESCRIPCIÓN COSTOS INDIRECTOS | H20: UNIDAD | I20: CANTIDAD | J20: COSTO DIRECTO DE OBRA | L20: VALOR TOTAL
D21: Polizas de buen manejo del anticipo (50%) , Cumplimiento (10%) y prestaciones(5%) | H21: % | I21: 0.01 | J21: =+RESUMEN!F7 -> 43712998 | L21: =+J21*I21 -> 437129.98
D22: Impuesto departamental a la contruccion de obra civil | H22: % | I22: 0.05 | L22: =+J21*I22 -> 2185649.9
D23: Retencion del ICA | H23: % | I23: 0.0001 | L23: =+J21*I23 -> 4371.2998
D24: SUBTOTAL COSTOS DE LEGALIZACION E IMPUESTOS | K24: =+L23+L22+L21 -> 2627151.2
D26: 4. COSTOS INDIRECTOS GENERALES DEL AIU%
D27: DESCRIPCIÓN COSTOS INDIRECTOS | H27: UNIDAD | I27: CANTIDAD | J27: MESES | K27: COSTO PARCIAL | L27: VALOR TOTAL
D28: IMPREVISTOS | H28: % | I28: 0.02 | J28: 1 | K28: =+J21 -> 43712998 | L28: =+K28*I28 -> 874259.97
D29: UTILIDAD | H29: % | I29: 0.03 | J29: 1 | L29: =+K28*I29 -> 1311389.9
D30: SUBTOTAL COSTOS DE INDIRECTOR DEL AIU% | K30: =+L29+L28 -> 2185649.9
D32: VALOR DIRECTO DE OBRA | K32: =+J21 -> 43712998
D33: IVA SOBRE UTIIDAD | J33: 0.19 | K33: =+J33*L29 -> 249164.09
D34: VALOR Y PORCENTAJE DE ADMINISTRACION DEL AIU% | J34: =+K34/K32 -> 0.1962968 | K34: =+K24+K17+K12 -> 8580721.7
D35: COSTO TOTAL INDIRECTO AIU% | J35: =+J34+I29+I28 -> 0.2462968 | K35: =+K34+K30+K33 -> 11015536
D36: COSTO TOTAL INDIRECTO AIU% | K36: =+K35+K32 -> 54728534
D37: RETENCION 2% | K37: =+K36*2% -> 1094570.7
D38: COSTO TOTAL OBRA DIRECTO + INDIRECTA (INCLUYE AIU%) | K38: =+K37+K36 -> 55823105
D40: NOTA NO.1: Los honorarios establecidos en la tabla de costo de personal es obtenido en fundamento a la RESOLUCIÓN No. 001 IES CINOC: (De enero 17 de 2022): Por medio del cual se modifica la tabla de honorarios para los contratistas por prestación de servicios profesionales y de apoyo a la gestión de la IES CINOC para la vigencia 2022. segun el ARTÍCULO PRIMERO: Adoptar para la vigencia 2022, la tabla que fija los honorarios, los cuales no incluyen IVA, para los contratos por prestación de servicios profesionales y de apoyo a la gestión suscritos entre personas naturales y el Colegio Integrado Nacional Oriente de Caldas – IES CINOC, teniendo en cuenta el nivel de formación y experiencia.
D44: NOTA NO.2: Los conceptos, bases y tarifas de retención en la fuente segun lo establecido por la DIAN para año agravante es 2022 según lo establecido y el presupuesto asignado a esta contratación comprende todos los costos que se puedan generar. Comprende todos los gastos, impuestos, ganancias, imprevistos, deducciones, y retenciones que legalmente haya lugar (EMPRESA CON RUP-RUT, PESONA JURUIDCA, PERSONA NATURAL Y /O CONSORCIOS); valores generados con la presentación de La oferta, suscripción del contrato y su posterior ejecución. Por lo tanto, el proponente deberá proyectar todos los costos directos e indirectos en que pudiera incurrir durante la ejecución del contrato como se presenta el la tabla y correspondan a su situacion financiera y contable de orden juridco que haya lugar.

Sheet P. EXT MARQUETALIA
B2: JORGE MARIO SOTO ROMAN INGENIERO CIVIL | E2: PRESUPUESTO DE OBRA CIVIL
E3: CONTRATISTA OPS095-MC043 DEL 2022
B4: Obra: | C4: EVALUACION FINANCIERA Y TECNICA A TODO COSTO PARA OBRAS DE ADECUACIONES DE AULA B-LEARNING EN EXTENSION MARQIUETALIA Y MANZANARES DEL IES CINOC AÑO 2022 | F4: FECHA: | G4: 23 DE MAYO DE 2022
H6: VALORES PROPUESTA | J6: ANALISIS UNITARIOS DEL QUINDIO 2022 | Q6: ADICIÓN | S6: MAYORES Y MENORES | V6: =+'BIENESTAR GYM Y SALUD'!#REF! -> #REF!
B7: CAPITULO DE ACTIVIDADES DE OBRA EXTENSION MARQUETALIA | J7: % | K7: VALORES UNITARIOS | N7: VALOR PARCIAL POR ACTIVIDAD Y COMPONENTE | Q7: MANZANARES | V7: MARQUETALIA
B8: ITEM | C8: DESCRIPCION Y ACTIVIDAD | F8: UND | G8: CANTIDAD PRESUPUESTADA | H8: VALOR. UNITARIO | I8: VALOR. PARCIAL | J8: PORCETAJE | K8: VALOR M.O | L8: EQUIPOS | M8: MATERIAL | N8: VALOR M.O | O8: EQUIPOS | P8: MATERIAL | Q8: CANT | R8: V/ TOTAL | S8: (+/-) | T8: CANT | U8: V/ TOTAL | V8: CANT | W8: V/TOTAL
B9: 1 | C9: Suministro e instalación de cielo falso en PCV incluye estructura de soporte de los elementos no estructurales | F9: M2 | G9: 38 | H9: =+APUS!H128 -> 66568.996 | I9: =+H9*G9 -> 2529621.8 | J9: =+I9/$I$27 -> 0.17918816 | K9: =21.4%*H9 -> 14245.765 | L9: =2.9%*H9 -> 1930.5009 | M9: =+H9-K9-L9 -> 50392.73 | N9: =+K9*G9 -> 541339.08 | O9: =+L9*G9 -> 73359.034 | P9: =+M9*G9 -> 1914923.7 | Q9: =V9-G9 -> -38 | R9: =Q9*H9 -> -2529621.8 | S9: =IF(V9>0,"+",IF(V9=0,"+","-")) -> + | T9: =(V9)-G9 -> -38 | U9: =T9*H9 -> -2529621.8 | V9: 0 | W9: =V9*H9 -> 0
B10: 2 | C10: Suministro e instalación de lámparas tipo led lampara en panel circular de 8" 24w (cable bajo en halógenos) | F10: UND | G10: 4 | H10: 77165 | I10: =+H10*G10 -> 308660 | J10: =+I10/$I$27 -> 0.021864224 | K10: =21.4%*H10 -> 16513.31 | L10: =2.9%*H10 -> 2237.785 | M10: =+H10-K10-L10 -> 58413.905 | N10: =+K10*G10 -> 66053.24 | O10: =+L10*G10 -> 8951.14 | P10: =+M10*G10 -> 233655.62 | Q10: =V10-G10 -> #REF! | R10: =Q10*H10 -> #REF! | S10: =IF(V10>0,"+",IF(V10=0,"+","-")) -> #REF! | T10: =(V10)-G10 -> #REF! | U10: =T10*H10 -> #REF! | V10: =#REF! -> #REF! | W10: =V10*H10 -> #REF!
B11: 3 | C11: Desmonte, retiro y adecuación de área existente de rejas metálicas existente en ventana | F11: M2 | G11: 4 | H11: 19302 | I11: =+H11*G11 -> 77208 | J11: =+I11/$I$27 -> 0.0054691019 | K11: =95.2%*H11 -> 18375.504 | L11: =+H11-K11 -> 926.496 | M11: 0 | N11: =+K11*G11 -> 73502.016 | O11: =+L11*G11 -> 3705.984 | P11: =+M11*G11 -> 0 | Q11: =V11-G11 -> #REF! | R11: =Q11*H11 -> #REF! | S11: =IF(V11>0,"+",IF(V11=0,"+","-")) -> #REF! | T11: =(V11)-G11 -> #REF! | U11: =T11*H11 -> #REF! | V11: =#REF! -> #REF! | W11: =V11*H11 -> #REF!
B12: 4 | C12: Suministro e instalación de ventana metálica de dos naves corrediza incluye vidrio de 4mm de espesor no polarizado incluye rejas de protección incluye el suministro de todos los accesorios requeridos para el correcto montaje, así como el suministro e instalación de la silicona que sea requerida para garantizar una perfecta instalación | F12: M2 | G12: 4 | H12: 225029 | I12: =+H12*G12 -> 900116 | J12: =+I12/$I$27 -> 0.063760571 | K12: =8.28%*H12 -> 18632.401 | L12: =0.01%*H12 -> 22.5029 | M12: =+H12-K12-L12 -> 206374.1 | N12: =+K12*G12 -> 74529.605 | O12: =+L12*G12 -> 90.0116 | P12: =+M12*G12 -> 825496.38 | Q12: =V12-G12 -> #REF! | R12: =Q12*H12 -> #REF! | S12: =IF(V12>0,"+",IF(V12=0,"+","-")) -> #REF! | T12: =(V12)-G12 -> #REF! | U12: =T12*H12 -> #REF! | V12: =#REF! -> #REF! | W12: =V12*H12 -> #REF!
B13: 5 | C13: Desmonte de marco y nave de puerta metálica existente incluye retiro | F13: UND | G13: 1 | H13: 50000 | I13: =+H13*G13 -> 50000 | J13: =+I13/$I$27 -> 0.0035417974 | K13: =95.2%*H13 -> 47600 | L13: =+H13-K13 -> 2400 | M13: 0 | N13: =+K13*G13 -> 47600 | O13: =+L13*G13 -> 2400 | P13: =+M13*G13 -> 0 | Q13: =V13-G13 -> -1 | R13: =Q13*H13 -> -50000 | S13: =IF(V13>0,"+",IF(V13=0,"+","-")) -> + | T13: =(V13)-G13 -> -1 | U13: =T13*H13 -> -50000 | V13: 0 | W13: =V13*H13 -> 0
B14: 6 | C14: Suministro e instalación de marco metálico y nave metálico incluye chapas de seguridad tipo yale (1.8x1.2)m | F14: UND | G14: 1 | H14: =+APUS!H140 -> 630000 | I14: =+H14*G14 -> 630000 | J14: =+I14/$I$27 -> 0.044626648 | K14: =+H14*10.75% -> 67725 | L14: =0.54%*H14 -> 3402 | M14: =+H14-K14-L14 -> 558873 | N14: =+K14*G14 -> 67725 | O14: =+L14*G14 -> 3402 | P14: =+M14*G14 -> 558873 | Q14: =V14-G14 -> -1 | R14: =Q14*H14 -> -630000 | S14: =IF(V14>0,"+",IF(V14=0,"+","-")) -> + | T14: =(V14)-G14 -> -1 | U14: =T14*H14 -> -630000 | V14: 0 | W14: =V14*H14 -> 0
B15: 8 | C15: Suministro e instalación salida tomacorriente Reguladas doble pt e, alambre no 12 awg. | F15: PTO | G15: 18 | H15: =+APUS!H67 -> 110000 | I15: =+H15*G15 -> 1980000 | J15: =+I15/$I$27 -> 0.14025518 | K15: =+H15*26.15% -> 28765 | L15: =+H15*1.5% -> 1650 | M15: =+H15-K15-L15 -> 79585 | N15: =+K15*G15 -> 517770 | O15: =+L15*G15 -> 29700 | P15: =+M15*G15 -> 1432530 | Q15: =V15-G15 -> #REF! | R15: =Q15*H15 -> #REF! | S15: =IF(V15>0,"+",IF(V15=0,"+","-")) -> #REF! | T15: =(V15)-G15 -> #REF! | U15: =T15*H15 -> #REF! | V15: =#REF! -> #REF! | W15: =V15*H15 -> #REF!
B16: 9 | C16: suministro e instalación salida interruptor sencillo en tubería Conduit PVC 3/4", alambre no 12 awg. | F16: PTO | G16: 2 | H16: =+APUS!H95 -> 60000 | I16: =+H16*G16 -> 120000 | J16: =+I16/$I$27 -> 0.0085003138 | K16: =+H16*20.73% -> 12438 | L16: =+H16*1.5% -> 900 | M16: =+H16-K16-L16 -> 46662 | N16: =+K16*G16 -> 24876 | O16: =+L16*G16 -> 1800 | P16: =+M16*G16 -> 93324 | Q16: =V16-G16 -> #REF! | R16: =Q16*H16 -> #REF! | S16: =IF(V16>0,"+",IF(V16=0,"+","-")) -> #REF! | T16: =(V16)-G16 -> #REF! | U16: =T16*H16 -> #REF! | V16: =#REF! -> #REF! | W16: =V16*H16 -> #REF!
B17: 10 | C17: suministro e instalación salida datos y/o audio cat 6a - cat 6e Puntos con Longitud de 3 Metros para conexión de 24 puntos necesario | F17: PTO | G17: 12 | H17: =+APUS!H76 -> 160000 | I17: =+H17*G17 -> 1920000 | J17: =+I17/$I$27 -> 0.13600502 | K17: =+H17*25.5% -> 40800 | L17: =+H17*3.55% -> 5680 | M17: =+H17-K17-L17 -> 113520 | N17: =+K17*G17 -> 489600 | O17: =+L17*G17 -> 68160 | P17: =+M17*G17 -> 1362240 | Q17: =V17-G17 -> #REF! | R17: =Q17*H17 -> #REF! | S17: =IF(V17>0,"+",IF(V17=0,"+","-")) -> #REF! | T17: =(V17)-G17 -> #REF! | U17: =T17*H17 -> #REF! | V17: =#REF! -> #REF! | W17: =V17*H17 -> #REF!
B18: 11 | C18: Canalización en tubería PVC rectangular de 6 a 10 líneas de cables con la finalidad de suministro | F18: ML | G18: 20 | H18: 9176 | I18: =+H18*G18 -> 183520 | J18: =+I18/$I$27 -> 0.012999813 | K18: 5085 | L18: 509 | M18: =+H18-K18-L18 -> 3582 | N18: =+K18*G18 -> 101700 | O18: =+L18*G18 -> 10180 | P18: =+M18*G18 -> 71640 | Q18: =V18-G18 -> #REF! | R18: =Q18*H18 -> #REF! | S18: =IF(V18>0,"+",IF(V18=0,"+","-")) -> #REF! | T18: =(V18)-G18 -> #REF! | U18: =T18*H18 -> #REF! | V18: =#REF! -> #REF! | W18: =V18*H18 -> #REF!
B19: 12 | C19: Acometida eléctrica trifásica en cable cobre calibre no 4 Ang para tablero red normal (3fases+1neutro+1tierra) | F19: ML | G19: 10 | H19: =+APUS!H58 -> 89999.999 | I19: =+H19*G19 -> 899999.99 | J19: =+I19/$I$27 -> 0.063752353 | K19: =13.12%*H19 -> 11808 | L19: =6.56%*H19 -> 5904 | M19: =+H19-K19-L19 -> 72287.999 | N19: =+K19*G19 -> 118080 | O19: =+L19*G19 -> 59040 | P19: =+M19*G19 -> 722879.99 | Q19: =V19-G19 -> #REF! | R19: =Q19*H19 -> #REF! | S19: =IF(V19>0,"+",IF(V19=0,"+","-")) -> #REF! | T19: =(V19)-G19 -> #REF! | U19: =T19*H19 -> #REF! | V19: =#REF! -> #REF! | W19: =V19*H19 -> #REF!
B20: 13 | C20: revisión y reposición de puntos eléctricos como conexión a tablero de datos y eléctricos para manejo de voltajes , incluye tablero y par de break | F20: PTO | G20: 1 | H20: =+APUS!H85 -> 765311.8 | I20: =+H20*G20 -> 765311.8 | J20: =+I20/$I$27 -> 0.054211587 | K20: =(40.77%*74211)+(351667*41.02%) -> 174509.63 | L20: =+K20*10% -> 17450.963 | M20: =+H20-K20-L20 -> 573351.21 | N20: =+K20*G20 -> 174509.63 | O20: =+L20*G20 -> 17450.963 | P20: =+M20*G20 -> 573351.21 | Q20: =V20-G20 -> #REF! | R20: =Q20*H20 -> #REF! | S20: =IF(V20>0,"+",IF(V20=0,"+","-")) -> #REF! | T20: =(V20)-G20 -> #REF! | U20: =T20*H20 -> #REF! | V20: =#REF! -> #REF! | W20: =V20*H20 -> #REF!
B21: 14 | C21: Suministro e instalación pisos sintéticos, tipo madera antideslizante, sintético y/o similar para mejoramiento de losa contrapiso existente aula | F21: M2 | G21: 38 | H21: 67104 | I21: =+H21*G21 -> 2549952 | J21: =+I21/$I$27 -> 0.18062827 | K21: =23.22%*H21 -> 15581.549 | L21: =3.32%*H21 -> 2227.8528 | M21: =+H21-K21-L21 -> 49294.598 | N21: =+K21*G21 -> 592098.85 | O21: =+L21*G21 -> 84658.406 | P21: =+M21*G21 -> 1873194.7 | Q21: =V21-G21 -> #REF! | R21: =Q21*H21 -> #REF! | S21: =IF(V21>0,"+",IF(V21=0,"+","-")) -> #REF! | T21: =(V21)-G21 -> #REF! | U21: =T21*H21 -> #REF! | V21: =#REF! -> #REF! | W21: =V21*H21 -> #REF!
B22: 15 | C22: Aplicación de pintura Tipo acrílico para exteriores de fachada principal y posterior a dos (2) manos tipo 1 con garantía a 5 años, incluye de pintura para alfajías en gris basalto | F22: M2 | G22: 20 | H22: =+APUS!H168 -> 15964.004 | I22: =+H22*G22 -> 319280.08 | J22: =+I22/$I$27 -> 0.022616507 | K22: =31.82%*H22 -> 5079.7461 | L22: =5.18%*H22 -> 826.93541 | M22: =+H22-K22-L22 -> 10057.323 | N22: =+K22*G22 -> 101594.92 | O22: =+L22*G22 -> 16538.708 | P22: =+M22*G22 -> 201146.45 | Q22: =V22-G22 -> #REF! | R22: =Q22*H22 -> #REF! | S22: =IF(V22>0,"+",IF(V22=0,"+","-")) -> #REF! | T22: =(V22)-G22 -> #REF! | U22: =T22*H22 -> #REF! | V22: =#REF! -> #REF! | W22: =V22*H22 -> #REF!
B23: 16 | C23: Suministro y aplicación de estuco resanes de blanca como estucos y aplicación de pintura tipo vinilo para interiores de paredes de humedad del aula | F23: M2 | G23: 64 | H23: =+APUS!H159 -> 13803.997 | I23: =+H23*G23 -> 883455.8 | J23: =+I23/$I$27 -> 0.062580429 | K23: =+H23*33.23% -> 4587.0681 | L23: =+H23*3.16% -> 436.2063 | M23: =+H23-K23-L23 -> 8780.7224 | N23: =+K23*G23 -> 293572.36 | O23: =+L23*G23 -> 27917.203 | P23: =+M23*G23 -> 561966.23 | Q23: =V23-G23 -> #REF! | R23: =Q23*H23 -> #REF! | S23: =IF(V23>0,"+",IF(V23=0,"+","-")) -> #REF! | T23: =(V23)-G23 -> #REF! | U23: =T23*H23 -> #REF! | V23: =#REF! -> #REF! | W23: =V23*H23 -> #REF! | X23: =+W23+W22+W21+W20+W19+W18+W17+W16+W15+W14+W13+W12+W11+W10+W9 -> #REF!
B24: ITEMS NO PREVISTOS
B25: NP-02 | C25: Suministro e instalación canaleta lisa para cables 100mm x 45mm con separador, incluye todos los accesorios necesarios para su correcta instalación | F25: ML | H25: =APUS!$H$177 -> 40600 | I25: =+H25*G25 -> 0 | J25: =+I25/$I$23 -> 0 | K25: =+H25*15% -> 6090 | L25: =+H25*3.16% -> 1282.96 | M25: =+H25-K25-L25 -> 33227.04 | N25: =+K25*Q25 -> #REF! | O25: =+L25*Q25 -> #REF! | P25: =+M25*Q25 -> #REF! | Q25: =V25-G25 -> #REF! | R25: =Q25*H25 -> #REF! | S25: =IF(V25>0,"+",IF(V25=0,"+","-")) -> #REF! | T25: =(V25)-G25 -> #REF! | U25: =T25*H25 -> #REF! | V25: =#REF! -> #REF! | W25: =V25*H25 -> #REF!
B26: NP-03 | C26: =#REF! -> #REF! | F26: UND | H26: =APUS!$H$184 -> 800211.26 | I26: =+H26*G26 -> 0 | J26: =+I26/$I$23 -> 0 | K26: =+H26*8% -> 64016.9 | L26: =+H26*3.16% -> 25286.676 | M26: =+H26-K26-L26 -> 710907.68 | N26: =+K26*Q26 -> #REF! | O26: =+L26*Q26 -> #REF! | P26: =+M26*Q26 -> #REF! | Q26: =V26-G26 -> #REF! | R26: =Q26*H26 -> #REF! | S26: =IF(V26>0,"+",IF(V26=0,"+","-")) -> #REF! | T26: =(V26)-G26 -> #REF! | U26: =T26*H26 -> #REF! | V26: =#REF! -> #REF! | W26: =V26*H26 -> #REF!
B27: SUMATORIIA CAPITULO DE ACTIVIADDES B-LEARNING MARQUETALIA | G27: VALOR PARCIAL MARUETALIA | I27: =SUM(I9:I26)+0.3 -> 14117126 | J27: =SUM(J9:J23) -> 0.99999998 | N27: =SUM(N9:N23)+N25+N26 -> #REF! | O27: =SUM(O9:O23)+O25+O26 -> #REF! | P27: =SUM(P9:P23)+P25+P26 -> #REF! | R27: =SUM(R9:R26)+0.3 -> #REF! | U27: =SUM(U9:U26)+0.3 -> #REF! | W27: =SUM(W9:W26)+0.3 -> #REF! | X27: =+W26+W25 -> #REF!
B28: NOTA: Análisis de precios unitarios obtenidos de base de datos dde compra de los insumos sectoriales en marquetalia y manzanares | G28: 0.08 | H28: ADMINISTRACION | I28: =+$I$27*G28 -> 1129370.1 | N28: VALOR M.O | O28: EQUIPOS | P28: MATERIAL | R28: =R27*$G$28 -> #REF! | U28: =U27*$G$28 -> #REF! | W28: =W27*$G$28 -> #REF!
G29: 0.03 | H29: UTILIDAD | I29: =+$I$27*G29 -> 423513.77 | N29: =+N27/$I$27 -> #REF! | O29: =+O27/$I$27 -> #REF! | P29: =+P27/$I$27 -> #REF! | R29: =R27*$G$29 -> #REF! | U29: =U27*$G$29 -> #REF! | W29: =W27*$G$29 -> #REF!
G30: 0.02 | H30: IMPREVISTOS | I30: =+$I$27*G30 -> 282342.52 | R30: =R27*$G$30 -> #REF! | U30: =U27*$G$30 -> #REF! | W30: =W27*$G$30 -> #REF!
G31: =+G30+G29+G28 -> 0.13 | H31: TOTAL AIU% | I31: =+I30+I29+I28 -> 1835226.4 | R31: =+R30+R29+R28 -> #REF! | U31: =+U30+U29+U28 -> #REF! | W31: =+W30+W29+W28 -> #REF!
H32: COSTO TOTAL | I32: =+I31+I27 -> 15952352 | R32: =+R31+R27 -> #REF! | U32: =+U31+U27 -> #REF! | W32: =+W31+W27 -> #REF!
W33: =4.2%*W32 -> #REF!
I35: COSTOS OFERTA | J35: COSTOS MODIFICACION | K35: COSTOS DIFERENCIA
G36: VALOR PARCIAL MARQUETALIA | I36: =+I27 -> 14117126 | J36: 12220883 | K36: =+J36-I36 -> -1896242.4
G37: 0.08 | H37: ADMINISTRACION | I37: =+$I$27*G37 -> 1129370.1 | J37: 977670.67 | K37: =+J37-I37 -> -151699.39
G38: 0.03 | H38: UTILIDAD | I38: =+$I$27*G38 -> 423513.77 | J38: 366626.5 | K38: =+J38-I38 -> -56887.272
G39: 0.02 | H39: IMPREVISTOS | I39: =+$I$27*G39 -> 282342.52 | J39: 244417.67 | K39: =+J39-I39 -> -37924.848
G40: =+G39+G38+G37 -> 0.13 | H40: TOTAL AIU% | I40: =+I39+I38+I37 -> 1835226.4 | J40: 1588714.8 | K40: =+J40-I40 -> -246511.51
H41: COSTO TOTAL | I41: =+I40+I36 -> 15952352 | J41: 13809598 | K41: =+J41-I41 -> -2142753.9

Sheet BIENESTAR GYM Y SALUD
B2: JORGE MARIO SOTO ROMAN INGENIERO CIVIL | E2: PRESUPUESTO DE OBRA CIVIL
E3: CONTRATISTA OPS159 DEL 2022
B4: Obra: | C4: EVALUACION TECNICA Y FINANCIERA PARA ADECUACIONES DE AREA EN GYM, SALUD FISICA Y PSCIOLOGICA DE LINEA ESTRATEGICA DE BIENESTAR UNIVERSITARIO EN LA SEDE CENTRAL DEL IES CINOC | F4: FECHA: | G4: 13 DE MARZO DE 2023
H6: PRESUPUESTO PRELIMINAR A INVERSION
B7: SUB PROYECTO.1 AREA DEPORTIVA SALUD FISICA, DEPORTE Y RECREACION DE BIENESTAR INSTITUCIONAL IES CINOC | J7: %
B8: ITEM | C8: DESCRIPCION Y ACTIVIDAD | F8: UND | G8: CANTIDAD | H8: VALOR. UNITARIO | I8: VALOR. PARCIAL | J8: PORCETAJE
B9: 1 | C9: =+C92 -> MURO EN PLACA DE FIBROCEMENTO 6mm - 2 cara (inc. Acabados, detalles, resanes, pinturas y terminados - aislamiento acústico internos de caras) | F9: M2 | G9: =+((10+10+10)*2.7)-(3*1.5*4)-(1.5*1*2) -> 60 | H9: =+H92 -> 138828.38 | I9: =+H9*G9 -> 8329702.9 | J9: =+I9/$I$19 -> 0.24040437
B10: 2 | C10: =+C40 -> SUMINISTRO E INSTALCION DE VIDRIO TEMPLADO por dos en 6+6 con laminado de seguridad incluye estructura de soporte en aluminio modulada según especificaciones del proveedor, incluye accesorios para correcta instalación y funcionamiento | F10: M2 | G10: 28 | H10: =+H40 -> 583585.43 | I10: =+H10*G10 -> 16340392 | J10: =+I10/$I$19 -> 0.47160165
B11: 3 | C11: =+C109 -> SUMINISTRO E INSTALACION VENTANA DOBEL CORREDIZA EN ALUMINIIO SECC. (1,5*1,5*2UND) Inc. Perfiles, alfajias, y herrajes necesarios para su corresta instalación y funcionamiento sobre muro placa fibrocemento | F11: =+D109 -> UN | G11: 4 | H11: =+H109 -> 1445266.6 | I11: =+H11*G11 -> 5781066.2 | J11: =+I11/$I$19 -> 0.16684792
B12: 4 | C12: =+C116 -> SUMINISTRO E INSTALACION VENTANA SIMPLE CORREDIZA EN ALUMINIIO SECC. (1,0*1,5*1UND ) Inc. Perfiles, alfajias, y herrajes necesarios para su corresta instalación y funcionamiento sobre muro placa fibrocemento de 8mm | F12: =+D116 -> UN | G12: 2 | H12: =+H116 -> 246308.07 | I12: =+H12*G12 -> 492616.13 | J12: =+I12/$I$19 -> 0.014217442
B13: 5 | C13: =+C47 -> SUMINISTRO E INSTALACIÓN SALIDA TOMACORRIENTE doble de incrustar sobre canaleta lisa de 100x45mm | F13: PTO | G13: 4 | H13: =+H47 -> 89880.18 | I13: =+H13*G13 -> 359520.72 | J13: =+I13/$I$19 -> 0.010376163
B14: 6 | C14: =+C131 -> RAMPA DE ACECSO MOVILIDAD REDUCIDA placa contrapiso e: 10cm concreto 21mpa | F14: =+D131 -> UND | G14: 1 | H14: =+H131 -> 350440.25 | I14: =G14*H14 -> 350440.25 | J14: =+I14/$I$19 -> 0.01011409
B15: 7 | C15: =+C73 -> SUMINISTRO Y APLICACIÓN PINTURA ACRÍLICA PARA EXTERIOR a Dos manos h menor a 3 m sobre pintura existente con manejo de humedad y resanes | F15: M2 | G15: 40 | H15: =+H73 -> 29934.7 | I15: =+H15*G15 -> 1197388 | J15: =+I15/$I$19 -> 0.034557932
B16: 8 | C16: SUMINITRO MANO DE OBRA adecuaciones y/o instalaciones varias en material liviano | F16: M2 | G16: =3+3+4 -> 10 | H16: =+G105+G106 -> 31915.95 | I16: =+H16*G16 -> 319159.5 | J16: =+I16/$I$19 -> 0.0092112935
B17: 9 | C17: =+C145 -> SUMINITRO DE MANO DE OBRA para acarreo horizontal y vertical de elementos de gimnasio de piso 4 bloque a hasta piso 1 bloque b | F17: UND | G17: 1 | H17: =+H145 -> 234784 | I17: =+H17*G17 -> 234784 | J17: =+I17/$I$19 -> 0.006776124
B18: 10 | C18: =+C150 -> SUMINISTRO E INSTALACION de persianas enrollable tipo lockout textura color blanco para ventanas sencilla (100x170)cm y Dobles (130x180)cm | F18: UND | G18: 1 | H18: =+H150 -> 1243647 | I18: =+H18*G18 -> 1243647 | J18: =+I18/$I$19 -> 0.035893018
B19: SUMATORIA COSTO DIRECTO 1 | I19: =+I9+I11+I13+I14+I15+I12+I16+I10+I17+I18 -> 34648717 | J19: =SUM(J9:J18) -> 1
H23: PRESUPUESTO PRELIMINAR A INVERSION
B24: SUB PROYECTO.2 AREA SALUD PROGRAMA ENFERMERIA Y PISCOLOGIA Y BIENESTAR INSTITUCIONAL IES CINOC | J24: %
B25: ITEM | C25: DESCRIPCION Y ACTIVIDAD | F25: UND | G25: CANTIDAD | H25: VALOR. UNITARIO | I25: VALOR. PARCIAL | J25: PORCETAJE
B26: 1 | C26: =+C9 -> MURO EN PLACA DE FIBROCEMENTO 6mm - 2 cara (inc. Acabados, detalles, resanes, pinturas y terminados - aislamiento acústico internos de caras) | F26: M2 | G26: 30 | H26: =+H9 -> 138828.38 | I26: =+H26*G26 -> 4164851.5 | J26: =+I26/$I$34 -> 0.45947949
B27: 2 | C27: =+C125 -> SUMINISTRO E INSTALACION DE PUERTA EN ALUMINIO, incluye vidrio 4mm, cerradura, marco y nave | F27: UND | G27: 3 | H27: =+H125 -> 796496.85 | I27: =+H27*G27 -> 2389490.5 | J27: =+I27/$I$34 -> 0.2636161
B28: 3 | C28: =+C13 -> SUMINISTRO E INSTALACIÓN SALIDA TOMACORRIENTE doble de incrustar sobre canaleta lisa de 100x45mm | F28: =+F13 -> PTO | G28: 2 | H28: =+H13 -> 89880.18 | I28: =+H28*G28 -> 179760.36 | J28: =+I28/$I$34 -> 0.019831727
B29: 4 | C29: =+C137 -> SUMINISTRO E INSTALACIÓN CANALETA LISA para cables 100mm x 45mm con separador, incluye todos los accesorios necesarios para su correcta instalación | F29: =+D137 -> ML | G29: 15 | H29: =+H137 -> 41318.82 | I29: =+H29*G29 -> 619782.3 | J29: =+I29/$I$34 -> 0.068376329
B30: 5 | C30: =+C64 -> SUMINISTRO E INSTALACIÓN SALIDA DATOS Y/O AUDIO cat 6a - cat 6e Puntos con Longitud de 3 Metros para extensión de conexión incluye accesorios | F30: =+D64 -> UN | G30: 2 | H30: =+H64 -> 170556.45 | I30: =+H30*G30 -> 341112.9 | J30: =+I30/$I$34 -> 0.037632646
B31: 6 | C31: =+C156 -> SUMINISTRO E INSTALACIÓN DE LÁMPARAS TIPO LED min 46w en panel rectangular de 1,20x0,30 de sobreponer estructura en cielo PVC | F31: =+D156 -> UN | G31: 1 | H31: =+H156 -> 167466.98 | I31: =+H31*G31 -> 167466.98 | J31: =+I31/$I$34 -> 0.018475482
B32: 7 | C32: =+C54 -> SUMINISTRO E INSTALACION DE PUNTO INTERRUPTOR sencillo para iluminacion de lamapaa led en cielo PVC | F32: =+D54 -> UN | G32: 4 | H32: =+H54 -> 91971.94 | I32: =+H32*G32 -> 367887.76 | J32: =+I32/$I$34 -> 0.040586533
B33: 8 | C33: =+C83 -> SUMINISTRO Y APLICACIÓN PINTURA VINILICA PARA INTERIOR a Dos manos h menor a 2.50 m sobre pintura y resanes | F33: =+F15 -> M2 | G33: 55 | H33: =+H83 -> 15162.35 | I33: =+H33*G33 -> 833929.25 | J33: =+I33/$I$34 -> 0.092001693
B34: SUMATORIA COSTO DIRECTO 2 | I34: =+I26+I27+I28+I29+I30++I33+I31+I32 -> 9064281.5 | J34: =SUM(J26:J33) -> 1
B38: APU - SUBPROYECTO 1
C40: SUMINISTRO E INSTALCION DE VIDRIO TEMPLADO por dos en 6+6 con laminado de seguridad incluye estructura de soporte en aluminio modulada según especificaciones del proveedor, incluye accesorios para correcta instalación y funcionamiento | D40: M2 | H40: =+G43+G44+G41+G42 -> 583585.43
C41: SUMINISTRO DE VIDRIO TEMPLADO POR DOS EN 6+6 CON LAMINADO DE SEGURIDAD INCLUYE ESTRUCTURA DE SOPORTE EN ALUMINIO MODULADA SEGÚN ESPECIFICACIONES DEL PROVEEDOR, INCLUYE ACCESORIOS PARA CORRECTA INSTALACIÓN Y FUNCIONAMIENTO | D41: M2 | E41: 1 | F41: =465000*1.2 -> 558000 | G41: =+E41*F41 -> 558000
C42: TRASNPORTE DE INSMUNOS | D42: VIAJE | E42: =1/28 -> 0.035714286 | F42: 280000 | G42: =+E42*F42 -> 10000 | I42: =+G42*28 -> 280000
C43: =+'BASE SALRIOS'!J30 -> CUADRILLA BB INSTALACIONES (1 OFC + 1 AYD + 1 ENT) | D43: =+D52 -> H/C | E43: =8/28 -> 0.28571429 | F43: =+'BASE SALRIOS'!Q30 -> 49590 | G43: =+E43*F43 -> 14168.571
C44: HERRAMIENTA MENOR | D44: % H/C | E44: 0.1 | F44: =+G43 -> 14168.571 | G44: =+E44*F44 -> 1416.8571
C47: SUMINISTRO E INSTALACIÓN SALIDA TOMACORRIENTE doble de incrustar sobre canaleta lisa de 100x45mm | D47: UN | H47: =+G48+G49+G50+G51+G52 -> 89880.18
C48: CAJA PVC 4*4 CON SUPLEMENTO | D48: UN | E48: 1 | F48: 3500 | G48: =+E48*F48 -> 3500
C49: CABLE COBRE CALIBRE #12 | D49: ML | E49: 9 | F49: 2410 | G49: =+E49*F49 -> 21690
C50: TOMA DOBLE | D50: UN | E50: 1 | F50: 25000 | G50: =+E50*F50 -> 25000
C51: HERRAMIENTA MENOR | D51: % H/C | E51: 0.15 | F51: =+G52 -> 34513.2 | G51: =+E51*F51 -> 5176.98
C52: CUADRILLA EE - INSTALACIONES ELECTRICAS | D52: H/C | E52: 0.6 | F52: =+'BASE SALRIOS'!Q32 -> 57522 | G52: =+E52*F52 -> 34513.2
C54: SUMINISTRO E INSTALACION DE PUNTO INTERRUPTOR sencillo para iluminacion de lamapaa led en cielo PVC | D54: UN | H54: =SUM(G55:G61) -> 91971.94
C55: CAJA PVC 4*4 CON SUPLEMENTO | D55: UN | E55: 1 | F55: 3500 | G55: =+E55*F55 -> 3500
C56: ADAPTADOR TERMINAL EMT 1/2" | D56: UN | E56: 2 | F56: 1390 | G56: =+E56*F56 -> 2780
C57: CAJA PVC 4*4 CON SUPLEMENTO | D57: UN | E57: 2 | F57: 6300 | G57: =+E57*F57 -> 12600
C58: CABLE COBRE CALIBRE #12 (LIBRE DE HALÓGENOS) | D58: ML | E58: 10 | F58: 2410 | G58: =+E58*F58 -> 24100
C59: INTERRUPTOR SENCILLO | D59: UN | E59: 1 | F59: 4700 | G59: =+E59*F59 -> 4700
C60: CUADRILLA EE - INSTALACIONES ELECTRICAS | D60: H/C | E60: 0.7 | F60: =+F52 -> 57522 | G60: =+E60*F60 -> 40265.4
C61: HERRAMIENTA MENOR | D61: % H/C | E61: 0.1 | F61: =+G60 -> 40265.4 | G61: =+E61*F61 -> 4026.54
C64: SUMINISTRO E INSTALACIÓN SALIDA DATOS Y/O AUDIO cat 6a - cat 6e Puntos con Longitud de 3 Metros para extensión de conexión incluye accesorios | D64: UN | H64: =+G66+G67+G68+G69+G70+G71 -> 170556.45
C66: CABLE UTP CAT6A 100% COBRE X ML Amp | D66: ML | E66: 10 | F66: 4800 | G66: =+E66*F66 -> 48000
C67: JACK PLASTICO | D67: UN | E67: 2 | F67: 1499.4 | G67: =+E67*F67 -> 2998.8
C68: TOMA DATOS RJ 45 8H | D68: UN | E68: 1 | F68: 29100 | G68: =+E68*F68 -> 29100
C69: SALIDA TV LEGRAND | D69: UN | E69: 1 | F69: 11130 | G69: =+E69*F69 -> 11130
C70: CUADRILLA EE - INSTALACIONES ELECTRICAS | D70: H/C | E70: 1.2 | F70: =+F52 -> 57522 | G70: =+E70*F70 -> 69026.4
C71: HERRAMIENTA MENOR | D71: % H/C | E71: 0.15 | F71: 68674.99 | G71: =+E71*F71 -> 10301.248
C73: SUMINISTRO Y APLICACIÓN PINTURA ACRÍLICA PARA EXTERIOR a Dos manos h menor a 3 m sobre pintura existente con manejo de humedad y resanes | D73: M2 | H73: =SUM(G74:G80) -> 29934.7
C74: PINTURA EN ACLICA EXTERIOR | D74: GL | E74: 0.1 | F74: 79900 | G74: =+E74*F74 -> 7990
C75: INVERCRYL - ACRONAL - ENTRE OTROS 500GR | D75: UND | E75: 0.2 | F75: 21000 | G75: =+E75*F75 -> 4200
C76: RODILLO DE FELPA 9" | D76: UN | E76: 0.02 | F76: 7500 | G76: =+E76*F76 -> 150
C77: LIJA DE AGUA | D77: UN | E77: 0.2 | F77: 1200 | G77: =+E77*F77 -> 240
C78: BROCHA | D78: UN | E78: 0.1 | F78: 9900 | G78: =+E78*F78 -> 990
C79: CUADRILLA CC PINTURA | D79: H/C | E79: 0.3 | F79: =+'BASE SALRIOS'!Q31 -> 49590 | G79: =+E79*F79 -> 14877
C80: HERRAMIENTA MENOR | D80: % H/C | E80: 0.1 | F80: =+G79 -> 14877 | G80: =+E80*F80 -> 1487.7
C83: SUMINISTRO Y APLICACIÓN PINTURA VINILICA PARA INTERIOR a Dos manos h menor a 2.50 m sobre pintura y resanes | D83: M2 | H83: =SUM(G84:G89) -> 15162.35
C84: PINTURA VINILO BLANCO INTERIOR TIPO 1 | D84: GL | E84: 0.1 | F84: =280000/5 -> 56000 | G84: =+E84*F84 -> 5600
C85: RODILLO DE FELPA 9" | D85: UN | E85: 0.02 | F85: 7500 | G85: =+E85*F85 -> 150
C86: LIJA DE AGUA | D86: UN | E86: 0.2 | F86: 1200 | G86: =+E86*F86 -> 240
C87: BROCHA | D87: UN | E87: 0.1 | F87: 9900 | G87: =+E87*F87 -> 990
C88: CUADRILLA CC PINTURA | D88: H/C | E88: 0.15 | F88: =+F79 -> 49590 | G88: =+E88*F88 -> 7438.5
C89: HERRAMIENTA MENOR | D89: % H/C | E89: 0.1 | F89: =+G88 -> 7438.5 | G89: =+E89*F89 -> 743.85
C92: MURO EN PLACA DE FIBROCEMENTO 6mm - 2 cara (inc. Acabados, detalles, resanes, pinturas y terminados - aislamiento acústico internos de caras) | D92: M2 | H92: =SUM(G93:G106) -> 138828.38
C93: CANAL 90MM | D93: UN | E93: 0.425 | F93: 9200 | G93: =+E93*F93 -> 3910
C94: PARAL 89MM | D94: UN | E94: 0.79 | F94: 8900 | G94: =+E94*F94 -> 7031
C95: LIJA DE AGUA | D95: UN | E95: 0.2 | F95: 1200 | G95: =+E95*F95 -> 240
C96: TORNILLO CABEZA AUTO PERF | D96: UN | E96: 24 | F96: 50 | G96: =+E96*F96 -> 1200
C97: TORNILLOS ESTANDAR No 6X1" | D97: UN | E97: 16 | F97: 50 | G97: =+E97*F97 -> 800
C98: TORNILLO CHAZO PUNTILLA | D98: UN | E98: 4 | F98: 200 | G98: =+E98*F98 -> 800
C99: CINTA MALLA PARA SUPERBOARD X 90 ML | D99: ROLLO | E99: 0.02 | F99: 12950 | G99: =+E99*F99 -> 259
C100: MASILLA ACRILICA PARA INTERIORES (SUPERMASTIK) | D100: CUÑETE | E100: 0.05 | F100: 41900 | G100: =+E100*F100 -> 2095
C101: PLACA SUPERBOARD 6 MM , 2,44m*1,2m | D101: M2 | E101: 2.2 | F101: =64000/(2.44*1.2) -> 21857.923 | G101: =+E101*F101 -> 48087.432
C102: SIKA PANEL | D102: KG | E102: 0.2 | F102: 79900 | G102: =+E102*F102 -> 15980
C103: FRESCASA AILANTE TERMICO Y ACUSTICO | D103: M2 | E103: 1.2 | F103: 17900 | G103: =+E103*F103 -> 21480
C104: PINTURA EN VINILO TIPO 1 | D104: GL | E104: 0.1 | F104: 50300 | G104: =+E104*F104 -> 5030
C105: CUADRILLA AA ALBAÑILERIA (1 OFC + 2 AYD) | D105: H/C | E105: 0.6 | F105: =+'BASE SALRIOS'!Q29 -> 46255 | G105: =+E105*F105 -> 27753
C106: HERRAMIENTA MENOR | D106: % H/C | E106: 0.15 | F106: =+G105 -> 27753 | G106: =+E106*F106 -> 4162.95
C109: SUMINISTRO E INSTALACION VENTANA DOBEL CORREDIZA EN ALUMINIIO SECC. (1,5*1,5*2UND) Inc. Perfiles, alfajias, y herrajes necesarios para su corresta instalación y funcionamiento sobre muro placa fibrocemento | D109: UN | H109: =SUM(G110:G113) -> 1445266.6
C110: VENTANA EN ALUMINIO INC VIDRIO 4MM | D110: UN | E110: 1 | F110: =285000*2.2 -> 627000 | G110: =+E110*F110*2 -> 1254000
C111: SILICONA A 1000 | D111: UN | E111: 0.4 | F111: 10120.95 | G111: =+E111*F111*2 -> 8096.76
C112: CUADRILLA AA ALBAÑILERIA (1 OFC + 2 AYD) | D112: H/C | E112: 1.8 | F112: =+F105 -> 46255 | G112: =+E112*F112*2 -> 166518
C113: HERRAMIENTA MENOR | D113: %H/C | E113: 0.05 | F113: =+G112 -> 166518 | G113: =+E113*F113*2 -> 16651.8
C116: SUMINISTRO E INSTALACION VENTANA SIMPLE CORREDIZA EN ALUMINIIO SECC. (1,0*1,5*1UND ) Inc. Perfiles, alfajias, y herrajes necesarios para su corresta instalación y funcionamiento sobre muro placa fibrocemento de 8mm | D116: UN | H116: =SUM(G117:G120) -> 246308.07
C117: VENTANA EN ALUMINIO INC VIDRIO 4MM | D117: UN | E117: 1 | F117: 220000 | G117: =+E117*F117 -> 220000
C118: SILICONA A 1000 | D118: UN | E118: 0.2 | F118: 10120.95 | G118: =+E118*F118 -> 2024.19
C119: CUADRILLA AA ALBAÑILERIA (1 OFC + 2 AYD) | D119: H/C | E119: 0.5 | F119: =+F112 -> 46255 | G119: =+E119*F119 -> 23127.5
C120: HERRAMIENTA MENOR | D120: %H/C | E120: 0.05 | F120: =+G119 -> 23127.5 | G120: =+E120*F120 -> 1156.375
C125: SUMINISTRO E INSTALACION DE PUERTA EN ALUMINIO, incluye vidrio 4mm, cerradura, marco y nave | D125: UN | H125: =SUM(G126:G128) -> 796496.85
C126: PUERTA EN ALUMINIO F 06 (0,70 - 1,00 M) - VIDRIO OPALIZADO DE 4MM, MARCO Y CHAPA | D126: UN | E126: 1 | F126: 710000 | G126: =+E126*F126 -> 710000
C127: CUADRILLA AA ALBAÑILERIA (1 OFC + 2 AYD) | D127: H/C | E127: 1.7 | F127: =+F119 -> 46255 | G127: =+E127*F127 -> 78633.5
C128: HERRAMIENTA MENOR | D128: %H/C | E128: 0.1 | F128: =+G127 -> 78633.5 | G128: =+E128*F128 -> 7863.35
...

Sheet BASE SALRIOS
C4: I. ANALISIS SALARIAL Y FACTOR PRESTACIONAL
C6: ASIGNACIÓN MENSUAL INDIVIDUAL AYUDANTES
C7: ASIGNACIÓN MENSUAL INDIVIDUAL AYUDANTES | D7: 1 SMMLV | E7: 1,5 SMMLV | F7: 2 SMMLV | J7: I. SALARIOS 2023
D8: 1160000 | E8: =D8*1.5 -> 1740000 | F8: =D8*2 -> 2320000
C9: Descripción | D9: Ayudante / Operario | E9: Ayudante / practico | F9: Oficial/ Administrativo | J9: SALARIO BASICO AÑO 2023 | L9: 1160000
C10: Días Liquidados | D10: 30 | E10: 30 | F10: 30 | J10: FACTOR MULTIPLICADOR DE ACUERDO A LA BASE SALARIAL | L10: 1.76 | M10: A quienes devengan hasta 1,5 SMMLVM
C11: Asignación Básica Mensual | D11: =+D8 -> 1160000 | E11: =+E8 -> 1740000 | F11: =+F8 -> 2320000 | L11: 1.7 | M11: A quienes devengen mas de 1,5 hasta 2 SMMLVM
C12: Auxilio de Transporte | D12: 117172 | E12: =+D12 -> 117172 | F12: =+E12 -> 117172 | L12: 1.67 | M12: A quienes devengen mas de 2 SMMLVM
C13: Prima (Salario+auxilio de transporte) | D13: =+ROUND(((D11+D12)/360*D10),0) -> 106431 | E13: =+ROUND(((E11+E12)/360*E10),0) -> 154764 | F13: =+ROUND(((F11+F12)/360*F10),0) -> 203098
C14: Cesantías | D14: =+ROUND(((D12+D11)/360*D10),0) -> 106431 | E14: =+ROUND(((E12+E11)/360*E10),0) -> 154764 | F14: =+ROUND(((F12+F11)/360*F10),0) -> 203098 | J14: PERSONAL | K14: BASE SALARIAL | L14: MES | N14: DIA | P14: HORA
C15: Interés a la cesantías | D15: =+D14*12% -> 12771.72 | E15: =+E14*12% -> 18571.68 | F15: =+F14*12% -> 24371.76 | L15: SIN PREST | M15: CON PREST | N15: SIN PREST | O15: CON PREST | P15: SIN PREST | Q15: CON PREST
C16: Vacaciones | D16: =+ROUND(((D11+D12)/720)*D10,0) -> 53216 | E16: =+ROUND(((E11+E12)/720)*E10,0) -> 77382 | F16: =+ROUND(((F11+F12)/720)*F10,0) -> 101549 | J16: AYUDANTE CARP MAD-MET/PINT/HIDRO | K16: 1.25 | L16: 1450000 | M16: 4002000 | N16: 48333 | O16: 133400 | P16: 6042 | Q16: 16675
C17: Dotación | D17: =+((65000+55000+35000+25000+20000+30000)/4) -> 57500 | E17: =+((65000+55000+35000+25000+20000+30000)/4) -> 57500 | F17: =+((65000+55000+35000+25000+20000+30000)/4) -> 57500 | J17: AYUDANTE ELÉCTRICO | K17: 1.3 | L17: 1508000 | M17: 4162080 | N17: 50267 | O17: 138736 | P17: 6283 | Q17: 17342
C18: Salud | D18: =ROUND((8.5%*D8),0) -> 98600 | E18: =8.5%*E8 -> 147900 | F18: =8.5%*F8 -> 197200 | J18: AYUDANTE DE OBRA | K18: 1 | L18: 1160000 | M18: 3201600 | N18: 38667 | O18: 106720 | P18: 4833 | Q18: 13340
C19: Aportes Parafiscales (Caja compensacion 4%) | D19: =ROUND((4%*D8),0) -> 46400 | E19: =ROUND((4%*E8),0) -> 69600 | F19: =ROUND((4%*F8),0) -> 92800 | J19: AYUDANTE PRACTICO | K19: 1.25 | L19: 1450000 | M19: 4002000 | N19: 48333 | O19: 133400 | P19: 6042 | Q19: 16675
C20: Aportes Parafiscales (ICBF 3%) | D20: =ROUND((3%*D8),0) -> 34800 | E20: =ROUND((3%*E8),0) -> 52200 | F20: =ROUND((3%*F8),0) -> 69600 | J20: OFICIAL OBRA | K20: 1.5 | L20: 1740000 | M20: 4698000 | N20: 58000 | O20: 156600 | P20: 7250 | Q20: 19575
C21: Aportes Parafiscales (SENA 2%) | D21: =ROUND((2%*D8),0) -> 23200 | E21: =ROUND((2%*E8),0) -> 34800 | F21: =ROUND((2%*F8),0) -> 46400 | J21: OFICIAL ELECTRICO | K21: 1.75 | L21: 2030000 | M21: 5481000 | N21: 67667 | O21: 182700 | P21: 8458 | Q21: 22838
C22: Pensiones | D22: =ROUND((12%*D8),0) -> 139200 | E22: =E8*0.12 -> 208800 | F22: =F8*0.12 -> 278400 | J22: OFICIAL CARP MAD-MET | K22: 1.6 | L22: 1856000 | M22: 5011200 | N22: 61866.667 | O22: 167040 | P22: 7733.3333 | Q22: 20880
C23: Riesgos Profesionales | D23: =ROUND((6.96%*D8),0) -> 80736 | E23: =E8*0.0696 -> 121104 | F23: =F8*0.0696 -> 161472 | J23: OFICIAL HIDROSANITARIO / PINTURA / INSTALACIONES | K23: 1.6 | L23: 1856000 | M23: 5011200 | N23: 61866.667 | O23: 167040 | P23: 7733.3333 | Q23: 20880
C24: Total Salario Mes | D24: =SUM(D11:D23) -> 2036457.7 | E24: =SUM(E11:E23) -> 2954557.7 | F24: =SUM(F11:F23) -> 3872660.8 | J24: TOPOGRAFO CON EQUIPO | K24: 4 | L24: 4640000 | M24: 12388800 | N24: 154666.67 | O24: 412960 | P24: 19333.333 | Q24: 51620
J25: TOPOGRAFO SIN EQUIPO | K25: 3 | L25: 3480000 | M25: 3480000 | N25: 116000 | O25: 116000 | P25: 14500 | Q25: 14500
C26: FACTOR PRESTACIONAL | D26: =ROUND((D24/D11),2) -> 1.76 | E26: =ROUND((E24/E11),2) -> 1.7 | F26: =ROUND((F24/F11),2) -> 1.67 | J26: DIBUJANTE ARQUITECTURA - INGENIERIA | K26: 4.45 | L26: 5162000 | M26: 13782540 | N26: 172066.67 | O26: 459418 | P26: 21508.333 | Q26: 57427
J27: CADENERO 1 | K27: 1.8 | L27: 2088000 | M27: 5637600 | N27: 69600 | O27: 187920 | P27: 8700 | Q27: 23490
J28: CADENERO 2 | K28: 1.75 | L28: 2030000 | M28: 5602800 | N28: 67666.667 | O28: 186760 | P28: 8458.3333 | Q28: 23345
J29: CUADRILLA AA ALBAÑILERIA (1 OFC + 2 AYD) | Q29: 46255
J30: CUADRILLA BB INSTALACIONES (1 OFC + 1 AYD + 1 ENT) | Q30: 49590
J31: CUADRILLA CC PINTURA (1 OFC + 1 AYD + 1 ENT) | Q31: 49590
J32: CUADRILLA EE ELECTRICA (1 ELEC + 2 AYD ELEC) | Q32: 57522
J33: CUADRILLA DE CARPINTERIA (1 CARP + 1 OFC) | Q33: 37555
J34: COMISION TOPOGRAFIA (1TOP+1CAD1+2CAD2) | Q34: 98455
J35: CUADRILLA AAA ALBAÑILERIA (2 AYD) | Q35: =+Q18+Q18 -> 26680

Sheet BIENESTAR GYM Y SALUD alt b
B2: JORGE MARIO SOTO ROMAN INGENIERO CIVIL | E2: PRESUPUESTO DE OBRA CIVIL
E3: CONTRATISTA OPS159 DEL 2022
B4: Obra: | C4: EVALUACION TECNICA Y FINANCIERA PARA ADECUACIONES DE AREA EN GYM, SALUD FISICA Y PSCIOLOGICA DE LINEA ESTRATEGICA DE BIENESTAR UNIVERSITARIO EN LA SEDE CENTRAL DEL IES CINOC | F4: FECHA: | G4: 13 DE MARZO DE 2023
H6: PRESUPUESTO PRELIMINAR A INVERSION
J7: %
B8: ITEM | C8: DESCRIPCION Y ACTIVIDAD | F8: UND | G8: CANTIDAD | H8: VALOR. UNITARIO | I8: VALOR. PARCIAL | J8: PORCETAJE
B9: 1b | C9: =+C88 -> MURO EN PLACA DE FIBROCEMENTO 8mm - 2 CARA (INC. ACABADOS - AILASMIENTO ACUSTICO ) - e= 10,6CM | F9: M2 | G9: =+((10+10)*2.7)-(3*1.5*2)-(1.5*1*2) -> 42 | H9: =+H88 -> 159590.74 | I9: =+H9*G9 -> 6702811.2 | J9: =+I9/$I$17 -> 0.20767633
B10: 2b | C10: SUMINISTRO E INSTALCION DE VIDRIO TEMPLADO POR DOS EN 6+6 CON LAMINADO DE SEGURIDAD INCLUYE ESTRUCTURA DE SOPORTE EN ALUMINIO MODULADA PARA EXTERIROES NO INCLUYE TRANSPORTE DE MANIZALES A PENSILVANIA | F10: M2 | G10: 30 | H10: 658000 | I10: =+H10*G10 -> 19740000 | J10: =+I10/$I$17 -> 0.61161365
B11: 3b | C11: =+C105 -> SUMINISTRO E INSTALACION VENTANA DOBEL CORREDIZA EN ALUMINIIO SECC. (1,5*1,5*2UND) Inc. Perfiles, alfajias, y herrajes necesarios para su corresta instalación y funcionamiento sobre muro placa fibrocemento | F11: =+D105 -> UN | G11: 2 | H11: =+H105 -> 1435818 | I11: =+H11*G11 -> 2871636 | J11: =+I11/$I$17 -> 0.08897324
B12: 4b | C12: =+C112 -> SUMINISTRO E INSTALACION VENTANA SIMPLE CORREDIZA EN ALUMINIIO SECC. (1,0*1,5*1UND ) Inc. Perfiles, alfajias, y herrajes necesarios para su corresta instalación y funcionamiento sobre muro placa fibrocemento de 8mm | F12: =+D112 -> UN | G12: 2 | H12: =+H112 -> 492304.28 | I12: =+H12*G12 -> 984608.56 | J12: =+I12/$I$17 -> 0.030506587
B13: 5b | C13: =+C64 -> SALIDA DOBLE TOMA CORRIENDO SIMPLE CABLE CU # 12 THHN AWG, TUBERIA PVC 1/2" LONG PROME 6 m | F13: PTO | G13: 4 | H13: =+H64 -> 88996.65 | I13: =+H13*G13 -> 355986.6 | J13: =+I13/$I$17 -> 0.011029699
B14: 6b | C14: =+C127 -> RAMPA DE ACECSO MOVILIDAD REDUCIDA, PLACA CONTRAPISO E: 10CM CONCRETO 21MPA | F14: =+D127 -> UND | G14: 1 | H14: =+H127 -> 350276.9 | I14: =G14*H14 -> 350276.9 | J14: =+I14/$I$17 -> 0.010852793
B15: 7b | C15: =+C80 -> SUMINISTRO Y APLICACIÓN DE PINTURA EXTERIOR ACRILICA TEXTURIZADA IMPERMEABILIZADA PARA EXTERIORES INCLUYE FILOS Y DILATACIONES | F15: M2 | G15: =30*1 -> 30 | H15: =+H80 -> 22033.817 | I15: =+H15*G15 -> 661014.51 | J15: =+I15/$I$17 -> 0.020480521
B16: 8b | C16: SUMINITRO MANO DE OBRA ADECUACIONES Y/O INSTALACIONES VARIAS EN MATERIAL LIVIANO | F16: M2 | G16: =3+3+4 -> 10 | H16: =+G101+G102 -> 60894.35 | I16: =+H16*G16 -> 608943.5 | J16: =+I16/$I$17 -> 0.018867181
B17: SUMATORIA COSTO DIRECTO 1 | I17: =+I9+I11+I13+I14+I15+I12+I16+I10 -> 32275277 | J17: =SUM(J9:J16) -> 1
H21: PRESUPUESTO PRELIMINAR A INVERSION
B22: SUB PROYECTO.2 AREA SALUD PROGRAMA ENFERMERIA Y PISCOLOGIA Y BIENESTAR INSTITUCIONAL IES CINOC | J22: %
B23: ITEM | C23: DESCRIPCION Y ACTIVIDAD | F23: UND | G23: CANTIDAD | H23: VALOR. UNITARIO | I23: VALOR. PARCIAL | J23: PORCETAJE
B24: 1 | C24: =+C9 -> MURO EN PLACA DE FIBROCEMENTO 8mm - 2 CARA (INC. ACABADOS - AILASMIENTO ACUSTICO ) - e= 10,6CM | F24: M2 | G24: =+(3*2.5)+(2*2.5*2)+(5*2.5) -> 30 | H24: =+H9 -> 159590.74 | I24: =+H24*G24 -> 4787722.3 | J24: =+I24/$I$17 -> 0.14834024
B25: 3 | C25: =+C121 -> SUMINISTRO E INSTALACION DE PUERTA EN ALUMINIO, INCLUYE VIDRIO 4MM, CERRADURA, MARCO Y NAVE | F25: UND | G25: 3 | H25: =+H121 -> 792264.82 | I25: =+H25*G25 -> 2376794.5 | J25: =+I25/$I$17 -> 0.073641334
B26: 5 | C26: =+C13 -> SALIDA DOBLE TOMA CORRIENDO SIMPLE CABLE CU # 12 THHN AWG, TUBERIA PVC 1/2" LONG PROME 6 m | F26: =+F13 -> PTO | G26: 2 | H26: =+H13 -> 88996.65 | I26: =+H26*G26 -> 177993.3 | J26: =+I26/$I$17 -> 0.0055148496
B27: 7 | C27: =+C72 -> SUMINISTRO E INSTALACIÓN SALIDA DATOS Y/O AUDIO CAT 5A – 6 - CAT 6E PUNTOS CON LONGITUD DE 6 METROS | F27: =+D72 -> UN | G27: 2 | H27: =+H72 -> 149571.2 | I27: =+H27*G27 -> 299142.4 | J27: =+I27/$I$17 -> 0.0092684688
B28: 8 | C28: =+C112 -> SUMINISTRO E INSTALACION VENTANA SIMPLE CORREDIZA EN ALUMINIIO SECC. (1,0*1,5*1UND ) Inc. Perfiles, alfajias, y herrajes necesarios para su corresta instalación y funcionamiento sobre muro placa fibrocemento de 8mm | F28: und | G28: 1 | H28: =+H112 -> 492304.28 | I28: =+H28*G28 -> 492304.28 | J28: =+I28/$I$17 -> 0.015253294
B29: SUMATORIA COSTO DIRECTO 2 | I29: =+I24+I25+I26+I27+I28 -> 8133956.7 | J29: =SUM(J24:J28) -> 0.25201818
B33: APU - SUBPROYECTO 1
C35: Suministro e instalación de cielo falso en PCV incluye estructura de soporte de los elementos no estructurales incluye frescasa | D35: M2 | H35: =SUM(G36:G46)-0.21 -> 83368.996
C36: ANGULO PARA EST. DE CIELO RASO | D36: ML | E36: 0.35 | F36: 1800 | G36: =+E36*F36 -> 630
C37: PERFIL PERIMETRAL PARA CIELO RASO | D37: ML | E37: 0.7 | F37: 9500 | G37: =+E37*F37 -> 6650
C38: TORNILLO CABEZA AUTO PERF | D38: UN | E38: 12 | F38: 28 | G38: =+E38*F38 -> 336
C39: TORNILLOS ESTANDAR No 6X1" | D39: UN | E39: 12 | F39: 20.23 | G39: =+E39*F39 -> 242.76
C40: TORNILLO CABEZA LENTEJA PUNTA AGUDA | D40: UN | E40: 10 | F40: 34.986 | G40: =+E40*F40 -> 349.86
C41: VIGUETA C. RASO | D41: UND | E41: 0.6 | F41: 3518 | G41: =+E41*F41 -> 2110.8
C42: OMEGAS C. RASO | D42: UND | E42: 0.65 | F42: 3615 | G42: =+E42*F42 -> 2349.75
C43: LAMINA PVC 8 MM | D43: M2 | E43: 1 | F43: 24395 | G43: =+E43*F43 -> 24395
C44: FRESCASA AILANTE TERMICO Y ACUSTICO | D44: M2 | E44: 1.2 | F44: 14000 | G44: =+E44*F44 -> 16800
C45: CUADRILLA AA ALBAÑILERIA (1 OFC + 2 AYD) | D45: H/C | E45: 0.6 | F45: 45958 | G45: =+E45*F45 -> 27574.8
C46: HERRAMIENTA MENOR | D46: % H/C | E46: 0.07 | F46: 27574.8 | G46: =+E46*F46 -> 1930.236
C49: Suministro e instalación de lámparas tipo lel ampara en panel circular de 8" 24w (cable bajo en halógenos) | D49: UN | H49: =SUM(G50:G56) -> 77164.725
C50: ADAPTADOR TERMINAL EMT 1/2" | D50: UN | E50: 2 | F50: 1390 | G50: =+E50*F50 -> 2780
C51: CAJA PVC 4*4 CON SUPLEMENTO | D51: UN | E51: 1 | F51: 6300 | G51: =+E51*F51 -> 6300
C52: CABLE COBRE CALIBRE #12 (LIBRE DE HALÓGENOS) | D52: ML | E52: 0.5 | F52: 2410 | G52: =+E52*F52 -> 1205
C53: CABLE COBRE CALIBRE #14 (LIBRE DE HALÓGENOS) | D53: ML | E53: 0.5 | F53: 1513 | G53: =+E53*F53 -> 756.5
C54: LAMPARA RUBULAR DOBLE DE SOBREPONER 24W 18 LUMINES | D54: UN | E54: 1 | F54: 39900 | G54: =+E54*F54 -> 39900
C55: CUADRILLA EE - INSTALACIONES ELECTRICAS | D55: H/C | E55: 0.5 | F55: 49949 | G55: =+E55*F55 -> 24974.5
C56: HERRAMIENTA MENOR | D56: % H/C | E56: 0.05 | F56: 24974.5 | G56: =+E56*F56 -> 1248.725
C59: Desmonte y adecuación de áreaS existente en paneles de aluminio y vidrio (Utilización d e material existe) | D59: M2 | H59: =SUM(G60:G61) -> 76979.65
C60: CUADRILLA AA ALBAÑILERIA (1 OFC + 2 AYD) | D60: H/C | E60: 1.6 | F60: 45958 | G60: =+E60*F60 -> 73532.8
C61: HERRAMIENTA MENOR | D61: %H/C | E61: 0.05 | F61: 68937 | G61: =+E61*F61 -> 3446.85
C64: SALIDA DOBLE TOMA CORRIENDO SIMPLE CABLE CU # 12 THHN AWG, TUBERIA PVC 1/2" LONG PROME 6 m | D64: UN | H64: =SUM(G65:G69) -> 88996.65
C65: Tubo conduit, curva, adaptador, limpiador, soldadura PVC 1/2" | D65: und | E65: 1 | F65: 12500 | G65: =+E65*F65 -> 12500
C66: CAJA PVC 4*4 CON SUPLEMENTO | D66: UN | E66: 1 | F66: 6300 | G66: =+E66*F66 -> 6300
C67: CABLE COBRE CALIBRE #12 | D67: ML | E67: 9 | F67: 2410 | G67: =+E67*F67 -> 21690
C68: TOMA CORRIENTE DOBLE | D68: UN | E68: 1.1 | F68: 5500 | G68: =+E68*F68 -> 6050
C69: CUADRILLA EE - INSTALACIONES ELECTRICAS | D69: H/C | E69: 0.85 | F69: 49949 | G69: =+E69*F69 -> 42456.65
C72: SUMINISTRO E INSTALACIÓN SALIDA DATOS Y/O AUDIO CAT 5A – 6 - CAT 6E PUNTOS CON LONGITUD DE 6 METROS | D72: UN | H72: =SUM(G73:G77) -> 149571.2
C73: CABLE UTP CAT6A | D73: ML | E73: 6 | F73: 4800 | G73: =+E73*F73 -> 28800
C74: ACESOORIOS | D74: UN | E74: 1 | F74: 27000 | G74: =+E74*F74 -> 27000
C75: TOMA DATOS RJ 45 8H | D75: UN | E75: 1 | F75: 25000 | G75: =+E75*F75 -> 25000
C76: CUADRILLA EE - INSTALACIONES ELECTRICAS | D76: H/C | E76: 1.2 | F76: 49949 | G76: =+E76*F76-31.01 -> 59907.79
C77: HERRAMIENTA MENOR | D77: % H/C | E77: 0.15 | F77: 59938.8 | G77: =+E77*F77-127.41 -> 8863.41
C80: SUMINISTRO Y APLICACIÓN DE PINTURA EXTERIOR ACRILICA TEXTURIZADA IMPERMEABILIZADA PARA EXTERIORES INCLUYE FILOS Y DILATACIONES | D80: M2 | H80: =SUM(G81:G86)-0.06 -> 22033.817
C81: PINTURA TEXTURIZADA HIDROREPELENTE | D81: GL | E81: 0.12 | F81: 50300 | G81: =+E81*F81 -> 6036
C82: RODILLO DE FELPA 9" | D82: UN | E82: 0.02 | F82: 7500 | G82: =+E82*F82 -> 150
C83: LIJA DE AGUA | D83: UN | E83: 0.2 | F83: 1200 | G83: =+E83*F83 -> 240
C84: BROCHA | D84: UN | E84: 0.1 | F84: 9900 | G84: =+E84*F84 -> 990
C85: CUADRILLA CC PINTURA | D85: H/C | E85: 0.3 | F85: 45958 | G85: =+E85*F85+3.05 -> 13790.45
C86: HERRAMIENTA MENOR | D86: % H/C | E86: 0.06 | F86: =+G85 -> 13790.45 | G86: =+E86*F86 -> 827.427
C88: MURO EN PLACA DE FIBROCEMENTO 8mm - 2 CARA (INC. ACABADOS - AILASMIENTO ACUSTICO ) - e= 10,6CM | D88: M2 | H88: =SUM(G89:G103) -> 159590.74
C89: CANAL 90MM | D89: UN | E89: 0.425 | F89: 9200 | G89: =+E89*F89 -> 3910
C90: PARAL 89MM | D90: UN | E90: 0.79 | F90: 8900 | G90: =+E90*F90 -> 7031
C91: LIJA DE AGUA | D91: UN | E91: 0.2 | F91: 1200 | G91: =+E91*F91 -> 240
C92: TORNILLO CABEZA AUTO PERF | D92: UN | E92: 24 | F92: 28 | G92: =+E92*F92 -> 672
C93: TORNILLOS ESTANDAR No 6X1" | D93: UN | E93: 16 | F93: 20.23 | G93: =+E93*F93 -> 323.68
C94: TORNILLO CHAZO PUNTILLA | D94: UN | E94: 3 | F94: 137.445 | G94: =+E94*F94 -> 412.335
C95: CINTA MALLA PARA SUPERBOARD X 90 ML | D95: ROLLO | E95: 0.016 | F95: 12950 | G95: =+E95*F95 -> 207.2
C96: MASILLA ACRILICA PARA INTERIORES (SUPERMASTIK) | D96: CUÑETE | E96: 0.05 | F96: 41900 | G96: =+E96*F96 -> 2095
C97: PLACA SUPERBOARD 8 MM , 2,44m*1,2m | D97: UN | E97: 0.69 | F97: 65000 | G97: =+E97*F97 -> 44850
C98: SIKA PANEL | D98: KG | E98: 0.16835017 | F98: 79900 | G98: =+E98*F98 -> 13451.178
C99: FRESCASA AILANTE TERMICO Y ACUSTICO | D99: M2 | E99: 1.2 | F99: 17900 | G99: =+E99*F99 -> 21480
C100: PINTURA EN VINILO TIPO 1 | D100: GL | E100: 0.08 | F100: 50300 | G100: =+E100*F100 -> 4024
... C102: HERRAMIENTA MENOR | D102: % H/C | E102: 0.15 | F102: 68937 | G102: =+E102*F102 -> 10340.55
C105: SUMINISTRO E INSTALACION VENTANA DOBEL CORREDIZA EN ALUMINIIO SECC. (1,5*1,5*2UND) Inc. Perfiles, alfajias, y herrajes necesarios para su corresta instalación y funcionamiento sobre muro placa fibrocemento | D105: UN | H105: =SUM(G106:G109)*2 -> 1435818
C106: VENTANA EN ALUMINIO INC VIDRIO 4MM | D106: UN | E106: 1 | F106: =285000*2.2 -> 627000 | G106: =+E106*F106 -> 627000
C107: SILICONA A 1000 | D107: UN | E107: 0.4 | F107: 10120.95 | G107: =+E107*F107 -> 4048.38
C108: CUADRILLA AA ALBAÑILERIA (1 OFC + 2 AYD) | D108: H/C | E108: 1.8 | F108: 45958 | G108: =+E108*F108 -> 82724.4
C109: HERRAMIENTA MENOR | D109: %H/C | E109: 0.05 | F109: 82724.4 | G109: =+E109*F109 -> 4136.22
C112: SUMINISTRO E INSTALACION VENTANA SIMPLE CORREDIZA EN ALUMINIIO SECC. (1,0*1,5*1UND ) Inc. Perfiles, alfajias, y herrajes necesarios para su corresta instalación y funcionamiento sobre muro placa fibrocemento de 8mm | D112: UN | H112: =SUM(G113:G116)*2 -> 492304.28
C113: VENTANA EN ALUMINIO INC VIDRIO 4MM | D113: UN | E113: 1 | F113: 220000 | G113: =+E113*F113 -> 220000
C114: SILICONA A 1000 | D114: UN | E114: 0.2 | F114: 10120.95 | G114: =+E114*F114 -> 2024.19
C115: CUADRILLA AA ALBAÑILERIA (1 OFC + 2 AYD) | D115: H/C | E115: 0.5 | F115: 45958 | G115: =+E115*F115 -> 22979
C116: HERRAMIENTA MENOR | D116: %H/C | E116: 0.05 | F116: =+G115 -> 22979 | G116: =+E116*F116 -> 1148.95
C121: SUMINISTRO E INSTALACION DE PUERTA EN ALUMINIO, INCLUYE VIDRIO 4MM, CERRADURA, MARCO Y NAVE | D121: UN | H121: =SUM(G122:G124) -> 792264.82
C122: PUERTA EN ALUMINIO F 06 (0,70 - 1,00 M) - VIDRIO OPALIZADO DE 4MM, MARCO Y CHAPA | D122: UN | E122: 1 | F122: 710000 | G122: =+E122*F122 -> 710000
C123: CUADRILLA AA ALBAÑILERIA (1 OFC + 2 AYD) | D123: H/C | E123: 1.7 | F123: 45958 | G123: =+E123*F123 -> 78128.6
C124: HERRAMIENTA MENOR | D124: %H/C | E124: 0.1 | F124: 41362.2 | G124: =+E124*F124 -> 4136.22
C127: RAMPA DE ACECSO MOVILIDAD REDUCIDA, PLACA CONTRAPISO E: 10CM CONCRETO 21MPA | D127: UND | H127: =SUM(G128:G130) -> 350276.9
C128: MATERIALES | D128: UN | E128: 1 | F128: 325000 | G128: =+E128*F128 -> 325000
C129: CUADRILLA AA ALBAÑILERIA (1 OFC + 2 AYD) | D129: H/C | E129: 0.5 | F129: 45958 | G129: =+E129*F129 -> 22979
C130: HERRAMIENTA MENOR | D130: %H/C | E130: 0.1 | F130: =+G129 -> 22979 | G130: =+E130*F130 -> 2297.9

Sheet JUSTIFICACIO AIU% (2)
D4: EVALUACION FINANCIERA Y TECNICA A TODO COSTO PARA OBRAS DE ADECUACIONES, OBRAS NUEVAS Y OBRAS COMPLEMENTARIAS DE INFRAESTRUCTURA PARA LOS PROYECTOS ACEDEMICOS DE ORDEN AGROPECUARIO EN LA CENTRO DE TRANSFORMACION TECNOLOGICO LA GRANJA CTT DEL IES CINOC PARA EL AÑO 2022
D5: JUSTIFICACION AIU (ADMINITRACION, UTILIDAD E IMPREVISTOS)
D6: 1. COSTOS DE PROFESIONAL AREA TECNICA
D7: ÍTEM | E7: EXPERIENCIA REQUERIDA | F7: CANTIDAD | G7: DEDICACION (%) | H7: UNIDAD DE MEDIDA | I7: CANTIDAD | J7: VALOR UNITARIO | K7: FACTOR PRESTACIONAL | L7: VALOR TOTAL | M7: DISCRIMINACION SALARIO | O7: SALUD | P7: REISGO | Q7: PENSION | R7: TOTAL
D8: Mano de Obra Calificada | M8: BASE | N8: BASE REAL | O8: 0.125 | P8: 0.0435 | Q8: 0.16 | R8: =+Q8+P8+O8 -> 0.3285
D9: Ingeneiro civil | E9: Profesional universitariocon experiencia mayor a 6 meses | F9: 1 | G9: 0 | H9: Mes | I9: 1 | J9: 0 | K9: 1 | L9: =+(J9*I9*G9*F9)*K9 -> 0 | M9: =+L9*40% -> 0 | N9: 1000000 | O9: =+O8*$N$9 -> 125000 | P9: =+P8*$N$9 -> 43500 | Q9: =+Q8*$N$9 -> 160000 | R9: =+O9+P9+Q9 -> 328500
D10: Maestro de obra civil y/o tecnologo en obra civil | E10: Tecnólogo o tecnico con experiencia de 3 años de educación superior aprobados | F10: 1 | G10: 1 | H10: Mes | I10: 1 | J10: 1916353 | L10: =+(J10*I10*G10*F10)*K9 -> 1916353 | M10: =+L10*40% -> 766541.2 | N10: =+N9 -> 1000000 | O10: =+O8*$N$10 -> 125000 | P10: =+P8*$N$10 -> 43500 | Q10: =+Q8*$N$10 -> 160000 | R10: =+O10+P10+Q10 -> 328500
D11: Pagos responsabilidad salud, riesgo y pension | E11: pago de salud, riesgo y pension en funcion de 40% base de cotizacion del valor total de personal | F11: 1 | G11: VARIABLE | H11: GLB | I11: 1 | J11: =+R10 -> 328500 | K11: =+J11/(L9+L10) -> 0.17141936 | L11: =+J11 -> 328500 | M11: SUMATORIA TOTAL DE PAGO SLUD | R11: =+R10+R9 -> 657000
K12: =+L9+L10+L11 -> 2244853 | M12: FACTOR VARIABLE DE PAGO SALUD | R12: =+R11/(L9+L10) -> 0.34283871
D14: 2. COSTOS PAPELIA Y OTROS (estimados para el desarrollo de la actividad)
D15: DESCRIPCIÓN COSTOS INDIRECTOS | H15: UNIDAD | I15: CANTIDAD | J15: MESES | K15: COSTO PARCIAL | L15: VALOR TOTAL
D16: Papelería, Copias, plotear de planos , preparación y entraga de los inforemes tecnicos, cuentas de cobro, preparacion de bitacoras entre otros profesionales tanto fisicos como digitales | H16: Global | I16: 1 | J16: =+I9 -> 1 | K16: 100000 | L16: =+K16*J16*I16 -> 100000
D17: SUBTOTAL COSTOS INDIRECTOS | K17: =+L16 -> 100000
D19: 3. DOCUMENTOS DE LEGALIZACION DEL CONTRATO DE OBRA Y RETENCIONES COMO COSTOS ADMINITRATIVOS
D20: DESCRIPCIÓN COSTOS INDIRECTOS | H20: UNIDAD | I20: CANTIDAD | J20: COSTO DIRECTO DE OBRA | L20: VALOR TOTAL
D21: Polizas de buen manejo del anticipo (50%) , Cumplimiento (10%) y prestaciones(5%) | H21: % | I21: 0.01 | J21: =+RESUMEN!F23 -> 40409234 | L21: =+J21*I21 -> 404092.34
D22: Impuesto departamental a la contruccion de obra civil | H22: % | I22: 0.05 | L22: =+J21*I22 -> 2020461.7
D23: Retencion del ICA | H23: % | I23: 0.0001 | L23: =+J21*I23 -> 4040.9234
D24: SUBTOTAL COSTOS DE LEGALIZACION E IMPUESTOS | K24: =+L23+L22+L21 -> 2428595
D26: 4. COSTOS INDIRECTOS GENERALES DEL AIU%
D27: DESCRIPCIÓN COSTOS INDIRECTOS | H27: UNIDAD | I27: CANTIDAD | J27: MESES | K27: COSTO PARCIAL | L27: VALOR TOTAL
D28: IMPREVISTOS | H28: % | I28: 0.02 | J28: 1 | K28: =+J21 -> 40409234 | L28: =+K28*I28 -> 808184.68
D29: UTILIDAD | H29: % | I29: 0.03 | J29: 1 | L29: =+K28*I29 -> 1212277
D30: SUBTOTAL COSTOS DE INDIRECTOR DEL AIU% | K30: =+L29+L28 -> 2020461.7
D32: VALOR DIRECTO DE OBRA | K32: =+J21 -> 40409234
D33: IVA SOBRE UTIIDAD | J33: 0.19 | K33: =+J33*L29 -> 230332.63
D34: VALOR Y PORCENTAJE DE ADMINISTRACION DEL AIU% | J34: =+K34/K32 -> 0.11812765 | K34: =+K24+K17+K12 -> 4773448
D35: COSTO TOTAL INDIRECTO AIU% | J35: =+J34+I29+I28 -> 0.16812765 | K35: =+K34+K30+K33 -> 7024242.3
D36: COSTO TOTAL INDIRECTO AIU% | K36: =+K35+K32 -> 47433476
D37: RETENCION 2% | K37: =+K36*2% -> 948669.53
D38: COSTO TOTAL OBRA DIRECTO + INDIRECTA (INCLUYE AIU%) | K38: =+K37+K36 -> 48382146
D40: NOTA NO.1: Los honorarios establecidos en la tabla de costo de personal es obtenido en fundamento a la RESOLUCIÓN No. 001 IES CINOC: (De enero 17 de 2022): Por medio del cual se modifica la tabla de honorarios para los contratistas por prestación de servicios profesionales y de apoyo a la gestión de la IES CINOC para la vigencia 2022. segun el ARTÍCULO PRIMERO: Adoptar para la vigencia 2022, la tabla que fija los honorarios, los cuales no incluyen IVA, para los contratos por prestación de servicios profesionales y de apoyo a la gestión suscritos entre personas naturales y el Colegio Integrado Nacional Oriente de Caldas – IES CINOC, teniendo en cuenta el nivel de formación y experiencia.
D44: NOTA NO.2: Los conceptos, bases y tarifas de retención en la fuente segun lo establecido por la DIAN para año agravante es 2022 según lo establecido y el presupuesto asignado a esta contratación comprende todos los costos que se puedan generar. Comprende todos los gastos, impuestos, ganancias, imprevistos, deducciones, y retenciones que legalmente haya lugar (EMPRESA CON RUP-RUT, PESONA JURUIDCA, PERSONA NATURAL Y /O CONSORCIOS); valores generados con la presentación de La oferta, suscripción del contrato y su posterior ejecución. Por lo tanto, el proponente deberá proyectar todos los costos directos e indirectos en que pudiera incurrir durante la ejecución del contrato como se presenta el la tabla y correspondan a su situacion financiera y contable de orden juridco que haya lugar.

Sheet APUS
B2: I | C2: CUADRILLAS
C4: CUADRILLA AA ALBAÑILERIA (1 OFC + 2 AYD) | D4: H/C | H4: =+G5+G6 -> 45958
C5: AYUDANTE DE OBRA | D5: HH | E5: 2 | F5: 14479 | G5: =+F5*E5 -> 28958
C6: OFICIAL OBRA | D6: HH | E6: 1 | F6: 17000 | G6: =+F6*E6 -> 17000
C8: CUADRILLA CC PINTURA | D8: H/C | H8: =+G9+G10+G11 -> 45958
C9: AYUDANTE DE OBRA | D9: HH | E9: 1 | F9: 14479 | G9: =+F9*E9 -> 14479
C10: AYUDANTE PRACTICO | D10: HH | E10: 1 | F10: 14479 | G10: =+F10*E10 -> 14479
C11: OFICIAL OBRA | D11: HH | E11: 1 | F11: 17000 | G11: =+F11*E11 -> 17000
C13: CUADRILLA EE - INSTALACIONES ELECTRICAS | D13: H/C | H13: =+G14+G15 -> 49949
C14: AYUDANTE ELÉCTRICO | D14: HH | E14: 2 | F14: 15058 | G14: =+F14*E14 -> 30116
C15: OFICIAL ELECTRICO | D15: HH | E15: 1 | F15: 19833 | G15: =+F15*E15 -> 19833
C17: CUADRILLA DD CARPINTERIA | D17: H/C | H17: =+G18+G19 -> 32612
C18: AYUDANTE CARP MAD-MET/PINT/HIDRO | D18: HH | E18: 1 | F18: 14479 | G18: =+F18*E18 -> 14479
C19: OFICIAL CARP MAD-MET | D19: HH | E19: 1 | F19: 18133 | G19: =+F19*E19 -> 18133
B21: II | C21: APUS VARIOS
C23: DESMONTE DE VENTANA | D23: M2 | H23: 19302
C24: CUADRILLA AA ALBAÑILERIA (1 OFC + 2 AYD) | D24: H/C | E24: 0.4 | F24: 45958 | G24: 18383.2
C25: HERRAMIENTA MENOR | D25: % H/C | E25: 0.05 | F25: 18383.2 | G25: 919.16
C27: Desmonte de piso en tableta de pino, incluye acarreo horizontal, carga y retiro de material sobrante | D27: M2 | H27: =SUM(G28:G29)-2.3 -> 50000.004
C28: CUADRILLA AA ALBAÑILERIA (1 OFC + 2 AYD) | D28: H/C | E28: 1 | F28: 45958 | G28: =+E28*F28 -> 45958
C29: HERRAMIENTA MENOR | D29: % H/C | E29: 0.22 | F29: 18383.2 | G29: =+E29*F29 -> 4044.304
C31: Desmonte de marco nave de puerta metálica existente incluye retiro | D31: M2 | H31: =SUM(G32:G33)-2.3 -> 50000.004
C32: CUADRILLA AA ALBAÑILERIA (1 OFC + 2 AYD) | D32: H/C | E32: 1 | F32: 45958 | G32: =+E32*F32 -> 45958
C33: HERRAMIENTA MENOR | D33: % H/C | E33: 0.22 | F33: 18383.2 | G33: =+E33*F33 -> 4044.304
C35: Suministro e instalación pisos sinteticos, tipo madera antideslizante, sintetico y/o similar para mejoramiento de losa contrapiso exitente aula | D35: M2 | H35: =SUM(G36:G39)-2.3 -> 67104.004
C36: CUADRILLA AA ALBAÑILERIA (1 OFC + 2 AYD) | D36: H/C | E36: 0.6 | F36: 45958 | G36: =+E36*F36 -> 27574.8
C37: Piso sintetico tipo madera antideslizante | D37: M2 | E37: 1 | F37: 30487.2 | G37: =+E37*F37 -> 30487.2
C38: Pegante | D38: Gl | E38: 1 | F38: 5000 | G38: =+E38*F38 -> 5000
C39: HERRAMIENTA MENOR | D39: % H/C | E39: 0.22 | F39: 18383.2 | G39: =+E39*F39 -> 4044.304
C42: MURO EN PLACA DE FIBROCEMENTO 6mm - 2 CARAS (INC. PINTURA) - e= 10,6CM | D42: M2 | H42: =SUM(G43:G55) -> 130000
C43: CANAL 90MM | D43: UN | E43: 0.425 | F43: 9000 | G43: =+E43*F43 -> 3825
C44: PARAL 89MM | D44: UN | E44: 0.79 | F44: 8874 | G44: =+E44*F44 -> 7010.46
C45: LIJA DE AGUA | D45: UN | E45: 0.2 | F45: 1200 | G45: =+E45*F45 -> 240
C46: TORNILLO CABEZA AUTO PERF | D46: UN | E46: 24 | F46: 28 | G46: =+E46*F46 -> 672
C47: TORNILLOS ESTANDAR No 6X1" | D47: UN | E47: 16 | F47: 20.23 | G47: =+E47*F47 -> 323.68
C48: TORNILLO CHAZO PUNTILLA | D48: UN | E48: 3 | F48: 137.445 | G48: =+E48*F48 -> 412.335
C49: CINTA MALLA PARA SUPERBOARD X 90 ML | D49: ROLLO | E49: 0.016 | F49: 12950 | G49: =+E49*F49 -> 207.2
C50: MASILLA ACRILICA PARA INTERIORES (SUPERMASTIK) | D50: CUÑETE | E50: 0.05 | F50: 41900 | G50: =+E50*F50 -> 2095
C51: PLACA SUPERBOARD SEIS 6MM , 2,44m*1,2m | D51: UN | E51: 0.6718624 | F51: 48000 | G51: =+E51*F51 -> 32249.395
C52: SIKA PANEL | D52: KG | E52: 0.16835017 | F52: 79900 | G52: =+E52*F52 -> 13451.178
C53: PINTURA EN VINILO TIPO 1 | D53: GL | E53: 0.08 | F53: 50300 | G53: =+E53*F53 -> 4024
C54: CUADRILLA AA ALBAÑILERIA (1 OFC + 2 AYD) | D54: H/C | E54: 1.35 | F54: 45958 | G54: =+E54*F54 -> 62043.3
C55: HERRAMIENTA MENOR | D55: % H/C | E55: 0.05 | F55: 68937 | G55: =+E55*F55-0.4 -> 3446.45
C58: Acometida electrica trifasica en cable cobre calibre No. 4 Ang para tablero red normal (3 fases+ 1 neutro+ 1 tierra) | D58: ML | H58: =SUM(G59:G64) -> 89999.999
C59: TUBERIA EMT 2" X ML | D59: ML | E59: 1 | F59: 24851.008 | G59: =+E59*F59 -> 24851.008
C60: CABLE COBRE ANTIFRAUDE 3*4 AWG + 1*6 AWG | D60: ML | E60: 1 | F60: 36354.5 | G60: =+E60*F60 -> 36354.5
C61: CABLE COBRE ENCAUCHETADO 1*4 AWG | D61: ML | E61: 1 | F61: 10000 | G61: =+E61*F61 -> 10000
C62: ACCESOSORIOS Y ACOPLES DE FIJACION ACOMETIDA ELECTRICA | D62: UN | E62: 1 | F62: 4000 | G62: =+E62*F62 -> 4000
C63: CUADRILLA EE - INSTALACIONES ELECTRICAS | D63: H/C | E63: 0.245 | F63: 49949 | G63: =+E63*F63 -> 12237.505
C64: HERRAMIENTA MENOR | D64: % H/C | E64: 0.205 | F64: 12487.25 | G64: =+E64*F64-2.9 -> 2556.9862
C67: PUNTO TOMA CORRIENTE REGULADO | D67: UN | H67: =SUM(G68:G73) -> 110000
C68: TUBO CONDUIT PVC 1/2" X 3 ML | D68: TUBO | E68: 1 | F68: 11773.35 | G68: =+E68*F68 -> 11773.35
C69: ADAPTADOR TERMINAL EMT 1/2" | D69: UN | E69: 2 | F69: 1390 | G69: =+E69*F69 -> 2780
C70: CAJA PVC 4*4 CON SUPLEMENTO | D70: UN | E70: 1 | F70: 6300 | G70: =+E70*F70 -> 6300
C71: CABLE COBRE CALIBRE #12 | D71: ML | E71: 9 | F71: 2410 | G71: =+E71*F71 -> 21690
C72: TOMA DOBLE | D72: UN | E72: 1 | F72: 25000 | G72: =+E72*F72 -> 25000
C73: CUADRILLA EE - INSTALACIONES ELECTRICAS | D73: H/C | E73: 0.85 | F73: 49949 | G73: =+E73*F73 -> 42456.65
C76: suministro e instalación salida datos y/o audio cat 6a - cat 6e Puntos con Longitud de 3 Metros para conexión de 24 puntos necesario | D76: UN | H76: =SUM(G77:G83) -> 160000
C78: CABLE UTP CAT6A 100% COBRE X ML Amp | D78: ML | E78: 10 | F78: 4800 | G78: =+E78*F78 -> 48000
C79: JACK PLASTICO | D79: UN | E79: 2 | F79: 1499.4 | G79: =+E79*F79 -> 2998.8
C80: TOMA DATOS RJ 45 8H | D80: UN | E80: 1 | F80: 29100 | G80: =+E80*F80 -> 29100
C81: SALIDA TV LEGRAND | D81: UN | E81: 1 | F81: 11130 | G81: =+E81*F81 -> 11130
C82: CUADRILLA EE - INSTALACIONES ELECTRICAS | D82: H/C | E82: 1.2 | F82: 49949 | G82: =+E82*F82-31.01 -> 59907.79
C83: HERRAMIENTA MENOR | D83: % H/C | E83: 0.15 | F83: 59938.8 | G83: =+E83*F83-127.41 -> 8863.41
C85: REVISIÓN Y REPOSICION DE PUNTOS ELECTRICOS PARA TABALERO EXISTENTE | D85: UN | H85: =SUM(G86:G92) -> 765311.8
C86: CINTA AISLANTE 3M TEMFLEX 1700 | D86: ML | E86: 1 | F86: 4200 | G86: =+E86*F86 -> 4200
C87: ALAMBRE AISLADO COBRE #10 THW | D87: ML | E87: 2 | F87: 2999 | G87: =+E87*F87 -> 5998
C88: ALAMBRE AISLADO COBRE #12 THW | D88: ML | E88: 2 | F88: 1849 | G88: =+E88*F88 -> 3698
C89: CAJA BREAKER | D89: UND | E89: 2 | F89: 120000 | G89: =+E89*F89 -> 240000
C90: BREAKERS | D90: UND | E90: 4 | F90: 63000 | G90: =+E90*F90 -> 252000
C91: TOMA DOBLE | D91: UND | E91: 2 | F91: 4900 | G91: =+E91*F91 -> 9800
C92: CUADRILLA EE - INSTALACIONES ELECTRICAS | D92: H/C | E92: 5 | F92: 49949 | G92: =+E92*F92-129.2 -> 249615.8
C95: SALIDA DE INTERRUPTOR SENCILLO | D95: UND | H95: =SUM(G96:G102) -> 60000
C96: ALAMBRE AISLADO COBRE #12 THW | D96: ML | E96: 6 | F96: 1849 | G96: =+E96*F96 -> 11094
C97: TUBO CONDUIT 1/2" | D97: ML | E97: 3 | F97: 2059.6667 | G97: =+E97*F97 -> 6179
C98: ADAPT TERMINAL 1/2 CONDUIT PVC | D98: UN | E98: 2 | F98: 4750 | G98: =+E98*F98 -> 9500
C99: INTERRUPTOR SENCILLO INC.ABITARE | D99: UN | E99: 1 | F99: 5062.26 | G99: =+E99*F99 -> 5062.26
C100: CAJA GALVANIZADA 2X4 | D100: UN | E100: 1 | F100: 2400 | G100: =+E100*F100 -> 2400
C101: CINTA AISLANTE 3M TEMFLEX 1700 | D101: UN | E101: 0.4 | F101: 4200 | G101: =+E101*F101 -> 1680
C102: CUADRILLA EE - INSTALACIONES ELECTRICAS | D102: H/C | E102: 0.49 | F102: 49949 | G102: =+E102*F102-390.27 -> 24084.74
C105: TABLERO PARCIAL 6 CIRCUITOS | D105: UN | H105: 351667
C106: ALAMBRE AISLADO COBRE #12 THW | D106: ML | E106: 1.05 | F106: 1849 | G106: 1941.45
C107: ALAMBRE AISLADO COBRE #14 THW | D107: ML | E107: 1.05 | F107: 1349 | G107: 1416.45
C108: TABLERO INDELPA 6 CIRCUITOS | D108: UN | E108: 1 | F108: 32755.94 | G108: 32755.94
C109: AUTOMATICO DE 15 - 60 A | D109: UN | E109: 6 | F109: 10591 | G109: 63546
C110: TORNILLO D= 1/8" | D110: UN | E110: 6 | F110: 377.00431 | G110: 2262.03
C111: CUADRILLA EE - INSTALACIONES ELECTRICAS | D111: H/C | E111: 5 | F111: 49949 | G111: 249745
C114: SELECTOR DE 3 POSICIONES TIPO BYPASS PARA UPS | D114: UN | H114: 403333
C115: INTERRUPTOR DE 3 POSICIONES 25A 660V | D115: UN | E115: 1 | F115: 278460 | G115: 278460
C116: CUADRILLA EE - INSTALACIONES ELECTRICAS | D116: H/C | E116: 2 | F116: 49949 | G116: 99898
C117: HERRAMIENTA MENOR | D117: %H/C | E117: 0.25 | F117: 99898 | G117: 24974.5
C120: Suministro e instalación de piso en laminas board con refuerzo en estructura de apoyo en perfil de madera cuartos de sajo de 20" | D120: M2 | H120: =SUM(G121:G125)-13.54 -> 84999.998
C121: SUPERBOARD 14 MM | D121: M2 | E121: 1 | F121: 45000 | G121: =+E121*F121 -> 45000
C122: CUARTON CHANU 3M | D122: ML | E122: 2 | F122: 8996.4 | G122: =+E122*F122 -> 17992.8
C123: TORNILLOS | D123: UND | E123: 21 | F123: 50 | G123: =+E123*F123 -> 1050
C124: CUADRILLA AA ALBAÑILERIA (1 OFC + 2 AYD) | D124: H/C | E124: 0.43 | F124: 45958 | G124: =+E124*F124-193.03 -> 19568.91
C125: HERRAMIENTA MENOR | D125: % H/C | E125: 0.06 | F125: 22289.63 | G125: =+E125*F125+64.45 -> 1401.8278
C128: CIELO RASO EN PVC INC. ESTRUCTURA, TORNILLERIA | D128: M2 | H128: =SUM(G129:G138)-0.21 -> 66568.996
C129: ANGULO PARA EST. DE CIELO RASO | D129: ML | E129: 0.35 | F129: 1800 | G129: =+E129*F129 -> 630
C130: PERFIL PERIMETRAL PARA CIELO RASO | D130: ML | E130: 0.7 | F130: 9500 | G130: =+E130*F130 -> 6650
...

Sheet APUS (2)
B2: I | C2: CUADRILLAS
C4: CUADRILLA AA ALBAÑILERIA (1 OFC + 2 AYD) | D4: H/C | H4: =+G5+G6 -> 45958
C5: AYUDANTE DE OBRA | D5: HH | E5: 2 | F5: 14479 | G5: =+F5*E5 -> 28958
C6: OFICIAL OBRA | D6: HH | E6: 1 | F6: 17000 | G6: =+F6*E6 -> 17000
C8: CUADRILLA CC PINTURA | D8: H/C | H8: =+G9+G10+G11 -> 45958
C9: AYUDANTE DE OBRA | D9: HH | E9: 1 | F9: 14479 | G9: =+F9*E9 -> 14479
C10: AYUDANTE PRACTICO | D10: HH | E10: 1 | F10: 14479 | G10: =+F10*E10 -> 14479
C11: OFICIAL OBRA | D11: HH | E11: 1 | F11: 17000 | G11: =+F11*E11 -> 17000
C13: CUADRILLA EE - INSTALACIONES ELECTRICAS | D13: H/C | H13: =+G14+G15 -> 49949
C14: AYUDANTE ELÉCTRICO | D14: HH | E14: 2 | F14: 15058 | G14: =+F14*E14 -> 30116
C15: OFICIAL ELECTRICO | D15: HH | E15: 1 | F15: 19833 | G15: =+F15*E15 -> 19833
C17: CUADRILLA DD CARPINTERIA | D17: H/C | H17: =+G18+G19 -> 32612
C18: AYUDANTE CARP MAD-MET/PINT/HIDRO | D18: HH | E18: 1 | F18: 14479 | G18: =+F18*E18 -> 14479
C19: OFICIAL CARP MAD-MET | D19: HH | E19: 1 | F19: 18133 | G19: =+F19*E19 -> 18133
B21: II | C21: APUS VARIOS
C23: DESMONTE DE VENTANA | D23: M2 | H23: 19302
C24: CUADRILLA AA ALBAÑILERIA (1 OFC + 2 AYD) | D24: H/C | E24: 0.4 | F24: 45958 | G24: 18383.2
C25: HERRAMIENTA MENOR | D25: % H/C | E25: 0.05 | F25: 18383.2 | G25: 919.16
C28: MURO EN PLACA DE FIBROCEMENTO 6mm - 2 CARAS (INC. PINTURA) - e= 10,6CM | D28: M2 | H28: 141825
C29: CANAL 90MM | D29: UN | E29: 0.425 | F29: 9200 | G29: 3910
C30: PARAL 89MM | D30: UN | E30: 0.79 | F30: 8900 | G30: 7031
C31: LIJA DE AGUA | D31: UN | E31: 0.2 | F31: 1200 | G31: 240
C32: TORNILLO CABEZA AUTO PERF | D32: UN | E32: 24 | F32: 28 | G32: 672
C33: TORNILLOS ESTANDAR No 6X1" | D33: UN | E33: 16 | F33: 20.23 | G33: 323.68
C34: TORNILLO CHAZO PUNTILLA | D34: UN | E34: 3 | F34: 137.445 | G34: 412.34
C35: CINTA MALLA PARA SUPERBOARD X 90 ML | D35: ROLLO | E35: 0.016 | F35: 12950 | G35: 207.2
C36: MASILLA ACRILICA PARA INTERIORES (SUPERMASTIK) | D36: CUÑETE | E36: 0.05 | F36: 41900 | G36: 2095
C37: PLACA SUPERBOARD SEIS 6MM , 2,44m*1,2m | D37: UN | E37: 0.6718624 | F37: 48000 | G37: 32249.4
C38: SIKA PANEL | D38: KG | E38: 0.16835017 | F38: 79900 | G38: 13451.18
C39: PINTURA EN VINILO TIPO 1 | D39: GL | E39: 0.08 | F39: 50300 | G39: 4024
C40: CUADRILLA AA ALBAÑILERIA (1 OFC + 2 AYD) | D40: H/C | E40: 1.5 | F40: 45958 | G40: 68937
C41: HERRAMIENTA MENOR | D41: % H/C | E41: 0.12 | F41: 68937 | G41: 8272.44
C44: ACOMETIDA ELECTRICA TRIFASICA EN CABLE COBRE CALIBRE N° 4 AWG PARA TABLERO RED NORMAL (3FASES+1NEUTRO+1TIERRA) | D44: ML | H44: 95182
C45: TUBERIA EMT 2" X ML | D45: ML | E45: 1 | F45: 24851.008 | G45: 24851.01
C46: CABLE COBRE ANTIFRAUDE 3*4 AWG + 1*6 AWG | D46: ML | E46: 1 | F46: 36354.5 | G46: 36354.5
C47: CABLE COBRE ENCAUCHETADO 1*4 AWG | D47: ML | E47: 1 | F47: 11245.5 | G47: 11245.5
C48: ACCESOSORIOS Y ACOPLES DE FIJACION ACOMETIDA ELECTRICA | D48: UN | E48: 1 | F48: 4000 | G48: 4000
C49: CUADRILLA EE - INSTALACIONES ELECTRICAS | D49: H/C | E49: 0.25 | F49: 49949 | G49: 12487.25
C50: HERRAMIENTA MENOR | D50: % H/C | E50: 0.5 | F50: 12487.25 | G50: 6243.63
C53: PUNTO TOMA CORRIENTE REGULADO (CABLE BAJO EN HALOGENOS) | D53: UN | H53: 165826
C54: TUBO CONDUIT SCH40 1/2" X 3 ML | D54: TUBO | E54: 3 | F54: 11799 | G54: 35397
C55: ADAPTADOR TERMINAL EMT 1/2" | D55: UN | E55: 2 | F55: 1390 | G55: 2780
C56: CAJA PVC 4*4 CON SUPLEMENTO | D56: UN | E56: 1 | F56: 6300 | G56: 6300
C57: CABLE COBRE CALIBRE #12 (LIBRE DE HALÓGENOS) | D57: ML | E57: 11 | F57: 2410 | G57: 26510
C58: TOMA DOBLE TIPO HOSPITALARIO 15 Amp 125 V | D58: UN | E58: 1 | F58: 34900 | G58: 34900
C59: CUADRILLA EE - INSTALACIONES ELECTRICAS | D59: H/C | E59: 1.2 | F59: 49949 | G59: 59938.8
B62: 16.33 | C62: PUNTO VOZ Y DATOS EN CATEGORIA 6 | D62: UN | H62: 174829
C63: TUBO CONDUIT SCH40 1/2" X 3 ML | D63: TUBO | E63: 3 | F63: 11799 | G63: 35397
C64: CABLE UTP CAT6A 100% COBRE X ML Amp | D64: ML | E64: 15 | F64: 2098.0328 | G64: 31470.49
C65: JACK PLASTICO | D65: UN | E65: 2 | F65: 1499.4 | G65: 2998.8
C66: TOMA DATOS RJ 45 8H | D66: UN | E66: 1 | F66: 27900 | G66: 27900
C67: SALIDA TV LEGRAND | D67: UN | E67: 1 | F67: 11130 | G67: 11130
C68: CUADRILLA EE - INSTALACIONES ELECTRICAS | D68: H/C | E68: 1.2 | F68: 49949 | G68: 59938.8
C69: HERRAMIENTA MENOR | D69: % H/C | E69: 0.1 | F69: 59938.8 | G69: 5993.88
C71: REVISIÓN Y REPOSICION DE PUNTOS ELECTRICOS | D71: UN | H71: 74211
C72: CINTA AISLANTE 3M TEMFLEX 1700 | D72: ML | E72: 0.5 | F72: 4200 | G72: 2100
C73: ALAMBRE AISLADO COBRE #10 THW | D73: ML | E73: 1.5 | F73: 2999 | G73: 4498.5
C74: ALAMBRE AISLADO COBRE #12 THW | D74: ML | E74: 1.5 | F74: 1849 | G74: 2773.5
C75: TOMA DOBLE | D75: UND | E75: 1 | F75: 4900 | G75: 4900
C76: CUADRILLA EE - INSTALACIONES ELECTRICAS | D76: H/C | E76: 1.2 | F76: 49949 | G76: 59938.8
C79: SALIDA DE INTERRUPTOR SENCILLO | D79: UND | H79: 61310
C80: ALAMBRE AISLADO COBRE #12 THW | D80: ML | E80: 6 | F80: 1849 | G80: 11094
C81: TUBO CONDUIT 1/2" | D81: ML | E81: 3 | F81: 2059.6667 | G81: 6179
C82: ADAPT TERMINAL 1/2 CONDUIT PVC | D82: UN | E82: 2 | F82: 4750 | G82: 9500
C83: INTERRUPTOR SENCILLO INC.ABITARE | D83: UN | E83: 1 | F83: 5062.26 | G83: 5062.26
C84: CAJA GALVANIZADA 2X4 | D84: UN | E84: 1 | F84: 2400 | G84: 2400
C85: CINTA AISLANTE 3M TEMFLEX 1700 | D85: UN | E85: 0.5 | F85: 4200 | G85: 2100
C86: CUADRILLA EE - INSTALACIONES ELECTRICAS | D86: H/C | E86: 0.5 | F86: 49949 | G86: 24974.5
C89: TABLERO PARCIAL 6 CIRCUITOS | D89: UN | H89: 351667
C90: ALAMBRE AISLADO COBRE #12 THW | D90: ML | E90: 1.05 | F90: 1849 | G90: 1941.45
C91: ALAMBRE AISLADO COBRE #14 THW | D91: ML | E91: 1.05 | F91: 1349 | G91: 1416.45
C92: TABLERO INDELPA 6 CIRCUITOS | D92: UN | E92: 1 | F92: 32755.94 | G92: 32755.94
C93: AUTOMATICO DE 15 - 60 A | D93: UN | E93: 6 | F93: 10591 | G93: 63546
C94: TORNILLO D= 1/8" | D94: UN | E94: 6 | F94: 377.00431 | G94: 2262.03
C95: CUADRILLA EE - INSTALACIONES ELECTRICAS | D95: H/C | E95: 5 | F95: 49949 | G95: 249745
C98: SELECTOR DE 3 POSICIONES TIPO BYPASS PARA UPS | D98: UN | H98: 403333
C99: INTERRUPTOR DE 3 POSICIONES 25A 660V | D99: UN | E99: 1 | F99: 278460 | G99: 278460
C100: CUADRILLA EE - INSTALACIONES ELECTRICAS | D100: H/C | E100: 2 | F100: 49949 | G100: 99898
C101: HERRAMIENTA MENOR | D101: %H/C | E101: 0.25 | F101: 99898 | G101: 24974.5
C104: ENTREPISO EN MADERA (INC. ESTRUCTURA) | D104: M2 | H104: 67104
C105: TABLA PARA FORMALETA | D105: UND | E105: 2 | F105: 14700 | G105: 29400
C106: CUARTON CHANU 3M | D106: UND | E106: 1.4 | F106: 8996.4 | G106: 12594.96
C107: PUNTILLA CON CABEZA | D107: LB | E107: 0.1 | F107: 5900 | G107: 590
C108: CUADRILLA AA ALBAÑILERIA (1 OFC + 2 AYD) | D108: H/C | E108: 0.485 | F108: 45958 | G108: 22289.63
C109: HERRAMIENTA MENOR | D109: % H/C | E109: 0.1 | F109: 22289.63 | G109: 2228.96
C112: CIELO RASO EN PVC INC. ESTRUCTURA, TORNILLERIA | D112: M2 | H112: 66569
C113: ANGULO PARA EST. DE CIELO RASO | D113: ML | E113: 0.35 | F113: 1800 | G113: 630
C114: PERFIL PERIMETRAL PARA CIELO RASO | D114: ML | E114: 0.7 | F114: 9500 | G114: 6650
C115: TORNILLO CABEZA AUTO PERF | D115: UN | E115: 12 | F115: 28 | G115: 336
C116: TORNILLOS ESTANDAR No 6X1" | D116: UN | E116: 12 | F116: 20.23 | G116: 242.76
C117: TORNILLO CABEZA LENTEJA PUNTA AGUDA | D117: UN | E117: 10 | F117: 34.986 | G117: 349.86
C118: VIGUETA C. RASO | D118: UND | E118: 0.6 | F118: 3518 | G118: 2110.8
C119: OMEGAS C. RASO | D119: UND | E119: 0.65 | F119: 3615 | G119: 2349.75
C120: LAMINA PVC 8 MM | D120: M2 | E120: 1 | F120: 24395 | G120: 24395
C121: CUADRILLA AA ALBAÑILERIA (1 OFC + 2 AYD) | D121: H/C | E121: 0.6 | F121: 45958 | G121: 27574.8
C122: HERRAMIENTA MENOR | D122: % H/C | E122: 0.07 | F122: 27574.8 | G122: 1930.236
C124: PUERTA COMPLETA EN LAMINA /C.22 (0,60-0,9*2) INC. MARCO +PINTURA+CHAPA+PASADOR | D124: UN | H124: 641159
C125: PUERTA MARCO CHAPA SENCILL/C.22 0.6-0.9 M | D125: UN | E125: 1 | F125: 540000 | G125: 540000
C126: ANTICORROSIVO | D126: GL | E126: 0.2 | F126: 37750 | G126: 7550
C127: PINTURA EN ESMALTE | D127: GL | E127: 0.145 | F127: 62000 | G127: 8990
...

Sheet APU
B2: FIRMA CONSTRUCTORA | E2: ANALISIS DE PRECIOS UNITARIOS
B4: EVALUACION FINANCIERA Y TECNICA PARA REHABILITACION DE INMUEBLE TURISTICO AFECTADO POR LLUVIAS DE TIPO TORRENCIAL, PREDIO LA ESPERANZA, VEREDA BUENOS AIRES BAJO, MUNICIPIO DE CALARCA QUINDIO | F4: FECHA: | G4: 42108
F5: 0
B7: LOCALIZACION-REPLANTEO OBRA ARQUITECTON. | G7: Unidad: M2
G8: ITEM:
B9: DESCRIPCION | C9: UND | D9: CANT. | E9: DESP.% | F9: PRECIO UNIT | G9: VALOR TOTAL
B11: EQUIPO
B12: HERRAMIENTA MENOR | C12: % | D12: 0.05 | E12: 0 | F12: 1410.116 | G12: 70.5
F13: SUBTOTAL EQUIPO | G13: 70.5
B14: MATERIALES
B15: LISTON 2 x2x3M. | C15: UND | D15: 0.11 | E15: 0 | F15: 3500 | G15: 385
B16: PUNTILLA 2 CC | C16: LBS | D16: 0.02 | E16: 0 | F16: 2000 | G16: 40
B17: PIOLA GRUESA 50 METROS | C17: ROL | D17: 0.06 | E17: 0 | F17: 2500 | G17: 150
B18: MINERAL ROJO | C18: KLS | D18: 0.005 | E18: 0 | F18: 7000 | G18: 35
F19: SUBTOTAL MATERIALES | G19: 610
B20: MANO DE OBRA | C20: Jornal | D20: Prestac. | E20: Jornal Ttl | F20: Rendim/Día | G20: Valor-Unit.
B21: M.O. ALBANILERIA 2 AYUDANTE-1 OFI | C21: 101630 | D21: 1.85 | E21: 188015 | F21: 133.333 | G21: 1410.116
F22: SUBTOTAL MANO DE OBRA | G22: 1410.116
E24: COSTO DIRECTO | F24: 2090.616 | G24: 2091
B25: COSTOS INDIRECTOS
B26: ADMINISTRACION | E26: 0.15 | G26: 313.65
B27: IMPREVISTOS | E27: 0.05 | G27: 104.55
B28: UTILIDAD | E28: 0.05 | G28: 104.55
B29: IVA SOBRE LA UTILIDAD | E29: 0 | G29: 0
B30: TOTAL COSTOS INDIRECTOS | G30: 522.75
E31: VALOR TOTAL ITEM | F31: 2613.75 | G31: 2614
B34: DEMOL.EDIFICACION EXISTENTE + RETIRO | G34: Unidad: M2
G35: ITEM:
B36: DESCRIPCION | C36: UND | D36: CANT. | E36: DESP.% | F36: PRECIO UNIT | G36: VALOR TOTAL
B38: EQUIPO
B39: VOLQUETA 5 M3 | C39: VJE | D39: 0.05 | F39: 43500 | G39: 2175
B40: TIJERAS O DIAGONALES CORTAS O LARGAS | C40: DIA | D40: 0.3 | E40: 0 | F40: 60 | G40: 18
B41: ANDAMIO METALICO TUBULAR | C41: U/D | D41: 0.3 | E41: 0 | F41: 1200 | G41: 360
B42: TABLONES 3 MTS | C42: DIA | D42: 0.2 | E42: 0 | F42: 520 | G42: 104
F43: SUBTOTAL EQUIPO | G43: 2657
B44: MANO DE OBRA | C44: Jornal | D44: Prestac. | E44: Jornal Ttl | F44: Rendim/Día | G44: Valor-Unit.
B45: M.O. ALBANILERIA 5 AYUDANTE-1 OFI | C45: 184813 | D45: 1.85 | E45: 341904 | F45: 19.282 | G45: 17731.77
F46: SUBTOTAL MANO DE OBRA | G46: 17731.77
E48: COSTO DIRECTO | F48: 20388.77 | G48: 20389
B49: COSTOS INDIRECTOS
B50: ADMINISTRACION | E50: 0.15 | G50: 3058.35
B51: IMPREVISTOS | E51: 0.05 | G51: 1019.45
B52: UTILIDAD | E52: 0.05 | G52: 1019.45
B53: IVA SOBRE LA UTILIDAD | E53: 0 | G53: 0
B54: TOTAL COSTOS INDIRECTOS | G54: 5097.25
E55: VALOR TOTAL ITEM | F55: 25486.25 | G55: 25486
B58: CAMPAMENTO TABLA 9 M2 | G58: Unidad: UND
G59: ITEM:
B60: DESCRIPCION | C60: UND | D60: CANT. | E60: DESP.% | F60: PRECIO UNIT | G60: VALOR TOTAL
B62: EQUIPO
B63: VOLQUETA TRANSPORTE MAT.PETREOS 1-10KMS | C63: M3 | D63: 1.17 | E63: 0 | F63: 7000 | G63: 8190
B64: HERRAMIENTA MENOR | C64: % | D64: 0.05 | E64: 0 | F64: 211490.44 | G64: 10574.52
F65: SUBTOTAL EQUIPO | G65: 18764.52
B66: MATERIALES
B67: BALASTRO DE RIO CANTO RODADO-ARENA | C67: M3 | D67: 1.17 | E67: 0 | F67: 19000 | G67: 22230
B68: BISAGRA 3x2" COBRIZ | C68: UND | D68: 3 | E68: 0 | F68: 2100 | G68: 6300
B69: CANDADO YALE 110-30 | C69: UND | D69: 1 | E69: 0 | F69: 18328 | G69: 18328
B70: GANCHO P/TEJA ASB. MADERA | C70: UND | D70: 8 | E70: 0 | F70: 353 | G70: 2824
B71: GUADUA [TACO] 2.50-3M | C71: UND | D71: 12 | E71: 0 | F71: 2400 | G71: 28800
B72: PUNTILLA 2 CC | C72: LBS | D72: 3 | E72: 0 | F72: 2000 | G72: 6000
B73: TABLA 1x10x3M | C73: UND | D73: 44 | E73: 0 | F73: 8000 | G73: 352000
B74: TEJA ONDULIT #6 | C74: UND | D74: 8 | E74: 0 | F74: 24200 | G74: 193600
B75: PORTACANDADO | C75: UND | D75: 1 | E75: 0 | F75: 2750 | G75: 2750
F76: SUBTOTAL MATERIALES | G76: 632832
B77: MANO DE OBRA | C77: Jornal | D77: Prestac. | E77: Jornal Ttl | F77: Rendim/Día | G77: Valor-Unit.
B78: M.O. ALBANILERIA 2 AYUDANTE-1 OFI | C78: 101630 | D78: 1.85 | E78: 188015 | F78: 0.889 | G78: 211490.44
F79: SUBTOTAL MANO DE OBRA | G79: 211490.44
E81: COSTO DIRECTO | F81: 863086.96 | G81: 863087
B82: COSTOS INDIRECTOS
B83: ADMINISTRACION | E83: 0.15 | G83: 129463.05
B84: IMPREVISTOS | E84: 0.05 | G84: 43154.35
B85: UTILIDAD | E85: 0.05 | G85: 43154.35
B86: IVA SOBRE LA UTILIDAD | E86: 0 | G86: 0
B87: TOTAL COSTOS INDIRECTOS | G87: 215771.75
E88: VALOR TOTAL ITEM | F88: 1078858.8 | G88: 1078859
B91: DEMOL.ANDEN/CONTRAPISO CONC.E 7.6 A 12CM | G91: Unidad: M2
G92: ITEM:
B93: DESCRIPCION | C93: UND | D93: CANT. | E93: DESP.% | F93: PRECIO UNIT | G93: VALOR TOTAL
B95: EQUIPO
B96: HERRAMIENTA MENOR | C96: % | D96: 0.05 | E96: 0 | F96: 62671.666 | G96: 3133.58
F97: SUBTOTAL EQUIPO | G97: 3133.58
B98: MANO DE OBRA | C98: Jornal | D98: Prestac. | E98: Jornal Ttl | F98: Rendim/Día | G98: Valor-Unit.
B99: M.O. ALBANILERIA 2 AYUDANTE-1 OFI | C99: 101630 | D99: 1.85 | E99: 188015 | F99: 3 | G99: 62671.666
F100: SUBTOTAL MANO DE OBRA | G100: 62671.666
E102: COSTO DIRECTO | F102: 65805.246 | G102: 65805
B103: COSTOS INDIRECTOS
B104: ADMINISTRACION | E104: 0.15 | G104: 9870.75
B105: IMPREVISTOS | E105: 0.05 | G105: 3290.25
B106: UTILIDAD | E106: 0.05 | G106: 3290.25
B107: IVA SOBRE LA UTILIDAD | E107: 0 | G107: 0
B108: TOTAL COSTOS INDIRECTOS | G108: 16451.25
E109: VALOR TOTAL ITEM | F109: 82256.25 | G109: 82256
B113: PEDESTAL CONCRETO | G113: Unidad: M3
G114: ITEM:
B115: DESCRIPCION | C115: UND | D115: CANT. | E115: DESP.% | F115: PRECIO UNIT | G115: VALOR TOTAL
B117: EQUIPO
B118: VOLQUETA TRANSPORTE MAT.PETREOS 1-10KMS | C118: M3 | D118: 1.5 | E118: 0 | F118: 7000 | G118: 10500
B119: HERRAMIENTA MENOR | C119: % | D119: 0.05 | E119: 0 | F119: 51263.592 | G119: 2563.17
F120: SUBTOTAL EQUIPO | G120: 13063.17
B121: MATERIALES
...

Sheet MANO OBRA
D2: FIRMA CONSTRUCTORA | H2: RESUMEN DE INSUMOS
D4: EVALUACION FINANCIERA Y TECNICA PARA REHABILITACION DE INMUEBLE TURISTICO AFECTADO POR LLUVIAS DE TIPO TORRENCIAL, PREDIO LA ESPERANZA, VEREDA BUENOS AIRES BAJO, MUNICIPIO DE CALARCA QUINDIO | I4: FECHA: | J4: 42108
I5: 0
B7: CODIGO | C7: CLASIF | D7: DESCRIPCION | E7: UND | H7: VR. UNIT. | I7: CANT. | J7: VR.TOTAL
B8: G1 | D8: MATERIALES | J8: 3811911.9
B9: CODIGO | C9: CLASIF | D9: DESCRIPCION | E9: UND | H9: CANT. | I9: VR. UNIT. | J9: VR.TOTAL
B10: 100075 | C10: ELECTRICOS | D10: ALAMBRE GALVANIZADO # 18 U | E10: KG | F10: ALAMBRE GALVANIZADO # 18 UKG | G10: 1 | H10: 2.3 | I10: 5647 | J10: 12988.1
B11: 100203 | C11: CARP. METALICA | D11: BISAGRA 3x2" COBRIZ | E11: UND | F11: BISAGRA 3x2" COBRIZUND | G11: 1 | H11: 3 | I11: 2100 | J11: 6300
B12: 100443 | C12: ELECTRICOS | D12: CAJA 2x4 PVC | E12: UND | F12: CAJA 2x4 PVC UND | G12: 1 | H12: 3 | I12: 900 | J12: 2700
B13: 100486 | C13: VARIOS | D13: CANDADO YALE 110-30 | E13: UND | F13: CANDADO YALE 110-30UND | G13: 1 | H13: 1 | I13: 18328 | J13: 18328
B14: 100821 | C14: ELECTRICOS | D14: CURVA PVC 1/2" PLASTIMEC | E14: UND | F14: CURVA PVC 1/2" PLASTIMECUND | G14: 1 | H14: 3 | I14: 204 | J14: 612
B15: 100930 | C15: CUBIERTA | D15: GANCHO P/TEJA ASB. MADERA | E15: UND | F15: GANCHO P/TEJA ASB. MADERAUND | G15: 1 | H15: 8 | I15: 353 | J15: 2824
B16: 100977 | C16: MADERAS | D16: GUADUA [TACO] 2.50-3M | E16: UND | F16: GUADUA [TACO] 2.50-3MUND | G16: 1 | H16: 12 | I16: 2400 | J16: 28800
B17: 101093 | C17: ELECTRICOS | D17: LAMP LFS 2x32 ELECTRON ILUMINACIONES TECNIC | E17: UND | F17: LAMP LFS 2x32 ELECTRON ILUMINACIONES TECNICUND | G17: 1 | H17: 10 | I17: 80000 | J17: 800000
B18: 101114 | C18: OTROS MATERIALES | D18: LIJA 150 MADE GRANO 80 | E18: PLI | F18: LIJA 150 MADE GRANO 80PLI | G18: 1 | H18: 4 | I18: 950 | J18: 3800
B19: 101128 | C19: OTROS MATERIALES | D19: LIMPIADOR PVC 760-G 1/4 GL | E19: UND | F19: LIMPIADOR PVC 760-G 1/4 GL UND | G19: 1 | H19: 0.10125 | I19: 22390 | J19: 2266.9875
B20: 101221 | C20: AGREGADOS | D20: MINERAL ROJO | E20: KLS | F20: MINERAL ROJOKLS | G20: 1 | H20: 0.75 | I20: 7000 | J20: 5250
B21: 101365 | C21: OTROS MATERIALES | D21: PIOLA GRUESA 50 METROS | E21: ROL | F21: PIOLA GRUESA 50 METROSROL | G21: 1 | H21: 9 | I21: 2500 | J21: 22500
... B38: 106140 | C38: PINTURAS | D38: LACA MADERA MATE 7402 | E38: LTS | F38: LACA MADERA MATE 7402LTS | G38: 1 | H38: 4 | I38: 9020 | J38: 36080
B39: 108007 | D39: CONCRETO 2500 PSI | E39: M3 | F39: CONCRETO 2500 PSIM3 | G39: 1 | H39: 10 | I39: 31796 | J39: 317960
B40: 109069 | D40: LISTON 2 x2x3M. | E40: UND | F40: LISTON 2 x2x3M.UND | G40: 1 | H40: 16.5 | I40: 3500 | J40: 57750
B41: 109122 | D41: TORN P/MAD 5"X3/16 GOLOSO | E41: UND | F41: TORN P/MAD 5"X3/16 GOLOSOUND | G41: 1 | H41: 340 | I41: 900 | J41: 306000
B44: G2 | D44: MANO DE OBRA | J44: 13939312
B45: CODIGO | C45: CLASIF | D45: DESCRIPCION | E45: UND | H45: CANT. | I45: VR. UNIT. | J45: VR.TOTAL
B46: 200006 | C46: MANO DE OBRA | D46: M.O. ALBANILERIA 1 AYUDANTE | E46: Jornal+PS | F46: M.O. ALBANILERIA 1 AYUDANTEJornal+PS | G46: 2 | H46: 4.6869141 | I46: 51296 | J46: 240419.95
B47: 200007 | C47: MANO DE OBRA | D47: M.O. ALBANILERIA 1 AYUDANTE-1 OFI | E47: Jornal+PS | F47: M.O. ALBANILERIA 1 AYUDANTE-1 OFIJornal+PS | G47: 2 | H47: 3.7495313 | I47: 136720 | J47: 512635.92
B48: 200009 | C48: MANO DE OBRA | D48: M.O. ALBANILERIA 2 AYUDANTE-1 OFI | E48: Jornal+PS | F48: M.O. ALBANILERIA 2 AYUDANTE-1 OFIJornal+PS | G48: 2 | H48: 30.583196 | I48: 188015 | J48: 5750099.5
B49: 200013 | C49: MANO DE OBRA | D49: M.O. ALBANILERIA 5 AYUDANTE-1 OFI | E49: Jornal+PS | F49: M.O. ALBANILERIA 5 AYUDANTE-1 OFIJornal+PS | G49: 2 | H49: 7.779276 | I49: 341904 | J49: 2659765.6
B50: 200015 | C50: MANO DE OBRA | D50: M.O. CARP.MADERA 1 AYUDANTE-1 OFI | E50: Jornal+PS | F50: M.O. CARP.MADERA 1 AYUDANTE-1 OFIJornal+PS | G50: 2 | H50: 7 | I50: 153799 | J50: 1076593
B51: 200018 | C51: MANO DE OBRA | D51: M.O. ELECTRICAS 1 AYUDANTE-1 OFI | E51: Jornal+PS | F51: M.O. ELECTRICAS 1 AYUDANTE-1 OFIJornal+PS | G51: 2 | H51: 1.4749559 | I51: 191408 | J51: 282318.37
B52: 200033 | C52: MANO DE OBRA | D52: M.O. CARP.MADERA CEPILLADO-CANTEADO | E52: Jornal+PS | F52: M.O. CARP.MADERA CEPILLADO-CANTEADOJornal+PS | G52: 2 | H52: 13.333333 | I52: 256311 | J52: 3417480
B55: G3 | D55: EQUIPO | J55: 4103880.2
B56: CODIGO | C56: CLASIF | D56: DESCRIPCION | E56: UND | H56: CANT. | I56: VR. UNIT. | J56: VR.TOTAL
B57: 300002 | C57: EQUIPO | D57: ANDAMIO METALICO TUBULAR | E57: U/D | F57: ANDAMIO METALICO TUBULARU/D | G57: 3 | H57: 845 | I57: 1200 | J57: 1014000
B58: 300026 | C58: EQUIPO | D58: HERRAMIENTA MENOR | E58: GLB | F58: HERRAMIENTA MENORGLB | J58: 2632140.2
B59: 300050 | C59: EQUIPO | D59: TABLONES 3 MTS | E59: DIA | F59: TABLONES 3 MTSDIA | G59: 3 | H59: 30 | I59: 520 | J59: 15600
B60: 300052 | C60: EQUIPO | D60: TIJERAS O DIAGONALES CORTAS O LARGAS | E60: DIA | F60: TIJERAS O DIAGONALES CORTAS O LARGASDIA | G60: 3 | H60: 45 | I60: 60 | J60: 2700
B61: 300059 | C61: EQUIPO | D61: VOLQUETA 5 M3 | E61: VJE | F61: VOLQUETA 5 M3VJE | G61: 3 | H61: 7.5 | I61: 43500 | J61: 326250
B62: 307002 | C62: EQUIPO | D62: VOLQUETA TRANSPORTE MAT.PETREOS 1-10KMS | E62: M3 | F62: VOLQUETA TRANSPORTE MAT.PETREOS 1-10KMSM3 | G62: 3 | H62: 16.17 | I62: 7000 | J62: 113190
I66: VALOR TOTAL INSUMOS | J66: 21855104
